 Dungeon Crawl Stone Soup version 0.23.0 (webtiles) character file.

Game seed: 7538269100899841613

1905806 Yermak the Conqueror (level 27, 274/298 HPs)
             Began as a Formicid Chaos Knight on Feb 14, 2019.
             Was a Favourite Plaything of Xom.
             Escaped with the Orb
             ... and 3 runes on Feb 15, 2019!
             The game lasted 04:09:26 (54959 turns).

Yermak the Conqueror (Formicid Chaos Knight)       Turns: 54959, Time: 04:09:26

Health: 274/298    AC: 42    Str: 30    XL:     27
Magic:  41/41      EV: 21    Int: 22    God:    Xom [...*..]
Gold:   1040       SH: 28    Dex: 17    Spells: 24/26 levels left

rFire    + + +     SeeInvis +   b - +9 great mace (holy)
rCold    + + +     Gourm    .   G - +0 large shield
rNeg     + + .     Faith    .   r - +12 gold dragon scales
rPois    +         Spirit   .   (helmet unavailable)
rElec    +         Reflect  +   i - scarf {repulsion}
rCorr    +         Harm     .   V - +2 pair of gloves of the Circus Animal {rN+ rCorr Dex+2}
MR       +++++     Clarity  +   D - +0 pair of boots of Firrodof {+Fly rF+ rN+ Stlth+}
Stlth    ..........             o - +6 amulet of reflection
HPRegen  0.59/turn              e - ring "Heingo" {+Fly rElec}
MPRegen  0.27/turn              y - ring "Usuxome" {rC++ Int+4 Dex+3 Slay+3, =R}

@: repel missiles
A: permanent stasis, dig shafts and tunnels, four strong arms, antennae 3,
repulsion field 2, iridescent scales 1, agile 1, blurry vision 1, clarity,
clever 2, cold resistance 3, fire resistance 1, high mp 3, magic resistance 3,
mutation resistance 1, robust 2, strong 1, MP-powered wands
0: Orb of Zot
}: 3/15 runes: decaying, silver, gossamer
a: Dig, Shaft Self, Renounce Religion, Evoke Flight


You escaped.
You worshipped Xom.
You were a favourite toy of Xom.
You were not hungry.

You visited 8 branches of the dungeon, and saw 46 of its levels.
You visited 2 bazaars.
You also visited: Ossuary and Gauntlet.

You collected 6217 gold pieces.
You spent 5177 gold pieces at shops.

Inventory:

Hand Weapons
 a - a +9 great mace of venom
 b - a +9 great mace of holy wrath (weapon)
Missiles
 j - a steel javelin
 p - 10 javelins
 t - 20 poisoned javelins
 x - 16 javelins of returning (quivered)
 F - 2 javelins of penetration {god gift}
 Z - 3 throwing nets
Armour
 i - a scarf of repulsion (worn)
 r - +12 gold dragon scales (worn)
 D - the +0 pair of boots of Firrodof (worn) {+Fly rF+ rN+ Stlth+}
   (You found it in a Gauntlet)

   It protects you from fire.
   It protects you from negative energy.
   It lets you fly.
   It makes you more stealthy.
 G - a +0 large shield (worn)
 L - the +2 pair of boots of Loclizy {Int+7}
   (You acquired it on level 1 of the Vaults)

   It affects your intelligence (+7).
 V - the +2 pair of gloves of the Circus Animal (worn) {rN+ rCorr Dex+2}
   (You found it on level 2 of the Vaults)

   It affects your dexterity (+2).
   It protects you from negative energy.
   It provides partial protection from all sources of acid and corrosion.
Jewellery
 c - the ring "Gexkiga" {god gift, *Slow rF+++ rC- MR+ Dex+6}
   (Xom gifted it to you on level 9 of the Dungeon)

   [ring of protection from magic]

   It affects your dexterity (+6).
   It renders you almost immune to fire.
   It makes you vulnerable to cold.
   It affects your resistance to hostile enchantments.
   It may slow you when you take damage.
 e - the ring "Heingo" (left hand) {+Fly rElec}
   (You bought it in a shop on level 2 of the Orcish Mines)

   [ring of flight]

   It insulates you from electricity.
   It lets you fly.
 o - a +6 amulet of reflection (around neck)
 y - the ring "Usuxome" (right hand) {rC++ Int+4 Dex+3 Slay+3, =R}
   (You took it off a frost giant on level 5 of the Vaults)

   [ring of slaying]

   It affects your intelligence (+4).
   It affects your dexterity (+3).
   It affects your accuracy and damage with ranged weapons and melee attacks
   (+3).
   It greatly protects you from cold.
 H - the ring "Eteaq" {rF++ rN+}
   (You took it off a yaktaur captain on level 5 of the Vaults)

   [ring of positive energy]

   It greatly protects you from fire.
   It protects you from negative energy.
Wands
 A - a wand of acid (16)
 E - a wand of enslavement (48)
 I - a wand of iceblast (58)
 O - a wand of clouds (6)
 P - a wand of paralysis (33)
 S - a wand of scattershot (9) {god gift}
Scrolls
 f - 11 scrolls of vulnerability
 g - 5 scrolls of immolation
 k - 6 scrolls of enchant armour
 n - a scroll of holy word
 q - 4 scrolls of summoning
 v - 9 scrolls of fear
 B - 2 scrolls of silence {!r}
 K - 13 scrolls of fog
 N - 21 scrolls of remove curse
 R - 26 scrolls of identify
Potions
 d - 14 potions of heal wounds
 h - 6 potions of mutation
 l - 4 potions of flight
 m - 6 potions of magic
 s - 5 potions of ambrosia
 u - 8 potions of cancellation
 C - 17 potions of brilliance
 J - 3 potions of agility
 Q - 25 potions of curing
 T - 3 potions of resistance
 W - 3 potions of might
Miscellaneous
 w - a phantom mirror
 U - a box of beasts
 X - a phial of floods
 Y - a lamp of fire
Comestibles
 z - 67 rations


   Skills:
 O Level 27 Fighting
 - Level 22.0 Maces & Flails
   Level 2.1(11.7) Slings
 - Level 15.9(16.0) Throwing
 + Level 19.6 Armour
 + Level 19.7 Dodging
 - Level 2.3 Stealth
 - Level 15.0 Shields
 - Level 12.0 Evocations


You had 24 spell levels left.
You knew the following spells:

 Your Spells              Type           Power        Failure   Level  Hunger
b - Animate Skeleton      Necr           N/A          86%         1    ##.....
g - Apportation           Tloc           #.....       86%         1    ##.....

Your spell library contained the following spells:

 Spells                   Type           Power        Failure   Level  Hunger
 Beastly Appendage        Tmut           #.....       86%         1    ##.....
 Confusing Touch          Hex            #.....       86%         1    ##.....
 Corona                   Hex            #......      86%         1    ##.....
 Flame Tongue             Conj/Fire      #....        86%         1    ##.....
 Freeze                   Ice            #...         86%         1    ##.....
 Magic Dart               Conj           #...         86%         1    ##.....
 Pain                     Necr           #...         86%         1    ##.....
 Sandblast                Erth           #.....       86%         1    ##.....
 Shock                    Conj/Air       #...         86%         1    ##.....
 Summon Butterflies       Summ           #.......     86%         1    ##.....
 Summon Small Mammal      Summ           #...         86%         1    ##.....
 Call Imp                 Summ           #.......     95%         2    ###....
 Corpse Rot               Necr           N/A          95%         2    ###....
 Ensorcelled Hibernation  Hex/Ice        #.....       95%         2    ###....
 Passwall                 Tmut/Erth      #.......     95%         2    ###....
 Poisonous Vapours        Pois/Air       #.....       95%         2    ###....
 Slow                     Hex            #.......     95%         2    ###....
 Sticks to Snakes         Tmut           #.......     95%         2    ###....
 Sublimation of Blood     Necr           #.........   95%         2    ###....
 Swiftness                Chrm/Air       #.......     95%         2    ###....
 Throw Frost              Conj/Ice       #.....       95%         2    ###....
 Call Canine Familiar     Summ           #.......     99%         3    ####...
 Conjure Flame            Conj/Fire      #.......     99%         3    ####...
 Ignite Poison            Fire/Tmut/Pois #.......     99%         3    ####...
 Inner Flame              Hex/Fire       #.......     99%         3    ####...
 Lesser Beckoning         Tloc           #.........   99%         3    ####...
 Mephitic Cloud           Conj/Pois/Air  #.......     99%         3    ####...
 Ozocubu's Armour         Chrm/Ice       #.......     99%         3    ####...
 Portal Projectile        Hex/Tloc       #.....       99%         3    ####...
 Recall                   Summ/Tloc      N/A          99%         3    ####...
 Regeneration             Chrm/Necr      #.........   99%         3    ####...
 Spider Form              Tmut/Pois      #.........   99%         3    ####...
 Static Discharge         Conj/Air       #.......     99%         3    ####...
 Stone Arrow              Conj/Erth      #.....       99%         3    ####...
 Summon Guardian Golem    Hex/Summ       #.......     99%         3    ####...
 Teleport Other           Tloc           #.......     99%         3    ####...
 Tukima's Dance           Hex            #.......     99%         3    ####...
 Vampiric Draining        Necr           #.........   99%         3    ####...
 Airstrike                Air            #.........   100%        4    #####..
 Animate Dead             Necr           N/A          100%        4    #####..
 Cause Fear               Hex            #.........   100%        4    #####..
 Ice Form                 Ice/Tmut       #.......     100%        4    #####..
 Leda's Liquefaction      Hex/Erth       #.........   100%        4    #####..
 Petrify                  Tmut/Erth      #.......     100%        4    #####..
 Summon Ice Beast         Ice/Summ       #.......     100%        4    #####..
 Summon Lightning Spire   Summ/Air       #.......     100%        4    #####..
 Throw Icicle             Conj/Ice       #.......     100%        4    #####..
 Agony                    Necr           #.......     100%        5    ######.
 Alistair's Intoxication  Tmut/Pois      #.......     100%        5    ######.
 Blade Hands              Tmut           #.........   100%        5    ######.
 Bolt of Draining         Conj/Necr      #.........   100%        5    ######.
 Bolt of Magma            Conj/Fire/Erth #.........   100%        5    ######.
 Borgnjor's Vile Clutch   Necr/Erth      #.........   100%        5    ######.
 Dispel Undead            Necr           #.......     100%        5    ######.
 Excruciating Wounds      Chrm/Necr      #.........   100%        5    ######.
 Fireball                 Conj/Fire      #.........   100%        5    ######.
 Irradiate                Conj/Tmut      #.........   100%        5    ######.
 Iskenderun's Battlesphe  Conj/Chrm      #.......     100%        5    ######.
 Lee's Rapid Deconstruct  Erth           #.........   100%        5    ######.
 Lightning Bolt           Conj/Air       #.........   100%        5    ######.
 Silence                  Hex/Air        #.........   100%        5    ######.
 Summon Forest            Summ/Tloc      #.........   100%        5    ######.
 Venom Bolt               Conj/Pois      #.........   100%        5    ######.
 Yara's Violent Unravell  Hex/Tmut       #.........   100%        5    ######.
 Bolt of Cold             Conj/Ice       #.........   100%        6    #######
 Bolt of Fire             Conj/Fire      #.........   100%        6    #######
 Darkness                 Hex            #.........   100%        6    #######
 Deflect Missiles         Chrm/Air       #.........   100%        6    #######
 Freezing Cloud           Conj/Ice/Air   #.........   100%        6    #######
 Hydra Form               Tmut           #.........   100%        6    #######
 Invisibility             Hex            #.......     100%        6    #######
 Iron Shot                Conj/Erth      #.........   100%        6    #######
 Poison Arrow             Conj/Pois      #.........   100%        6    #######
 Shadow Creatures         Summ           N/A          100%        6    #######
 Statue Form              Tmut/Erth      #........    100%        6    #######
 Dragon Form              Tmut           #.........   100%        7    #######
 Haunt                    Necr/Summ      #.........   100%        7    #######
 Orb of Destruction       Conj           #.........   100%        7    #######
 Ring of Flames           Chrm/Fire      #.........   100%        7    #######
 Spellforged Servitor     Conj/Summ      #.........   100%        7    #######
 Borgnjor's Revivificati  Necr           #.........   100%        8    #######
 Chain Lightning          Conj/Air       #.........   100%        8    #######
 Death's Door             Chrm/Necr      #.........   100%        8    #######
 Discord                  Hex            #.........   100%        8    #######
 Ignition                 Fire           #.........   100%        8    #######
 Infestation              Necr           #.........   100%        8    #######
 Lehudib's Crystal Spear  Conj/Erth      #.........   100%        8    #######
 Necromutation            Tmut/Necr      #.........   100%        8    #######
 Dragon's Call            Summ           #.........   100%        9    #######
 Fire Storm               Conj/Fire      #.........   100%        9    #######
 Glaciate                 Conj/Ice       #.........   100%        9    #######
 Shatter                  Erth           #.........   100%        9    #######
 Blink                    Tloc           Unusable     N/A         2    N/A

Dungeon Overview and Level Annotations

Branches:
Dungeon (15/15)            Temple (0/1) D:7            Lair (6/6) D:10
  Swamp (4/4) Lair:3       Spider (4/4) Lair:3        Slime (0/5) Lair:6
    Orc (2/2) D:10            Elf (0/3) Orc:2        Vaults (5/5) D:14
  Crypt (0/3) Vaults:3     Depths (5/5) D:15            Zot (5/5) Depths:5

Altars:
Ashenzari
Cheibriados
Dithmenos
Fedhas
Makhleb
Okawaru
Ru
Sif Muna
Vehumet
Wu Jian
Xom
Yredelemnul
Zin
Beogh
Jiyva

Shops:
D:4 (   Orc:1 *(?(   Orc:2 =(*?[   Vaults:3 ?([*}   Vaults:4 [   Zot:4 *
Depths:3 [

Portals:
Hell: Depths:1 Depths:2 Depths:3 Depths:4 Depths:5
Abyss: Depths:4
Pandemonium: Depths:1 Depths:2 Depths:3 Depths:4
Ziggurat: Depths:2
Trove: Vaults:1 (show abyssal rune of Zot)

Annotations:
D:10 exclusion: oklob plant
D:12 elec qb
D:13 res scarf, Rupert the shadow dragon
D:14 exclusion: upstairs
Orc:2 arch gl, Leech
Zot:5 exclusions: sensed monster (detected) and 1 more exclusion


Innate Abilities, Weirdness & Mutations

You cannot be hasted, slowed, berserked, paralysed or teleported.
You can dig through walls and to a lower floor.
Your four strong arms can wield two-handed weapons with a shield.
You have a pair of large antennae on your head. (SInv)
You are surrounded by a moderate repulsion field. (EV +3)
You are partially covered in iridescent scales. (AC +2)
You are agile. (Dex +2)
Scrolls take you a little longer to read.
You possess an exceptional clarity of mind.
Your mind is very acute. (Int +4)
Your flesh is almost immune to the effects of cold. (rC+++)
Your flesh is heat resistant. (rF+)
You have a greatly increased reservoir of magic. (+30% MP)
You are extremely resistant to the effects of hostile enchantments. (MR+++)
You are somewhat resistant to further mutation.
You are very robust. (+20% HP)
Your muscles are strong. (Str +2)
You expend magic power (3 MP) to strengthen your wands.


Message History

You sense a monster nearby.
An Executioner comes into view.
The Executioner gives a hideous shriek!
The Executioner gestures.
The Executioner seems to speed up.
The Executioner completely misses you. You block the Executioner's attack. x2
The Executioner hits you.
The Executioner hits you but does no damage.
You block the Executioner's attack. x2; The Executioner misses you.
The Executioner hits you.
You thump the Executioner!
The Executioner convulses.
The Executioner is moderately wounded.
You block the Executioner's attack. x3
The Executioner hits you but does no damage.
You block the Executioner's attack. The Executioner closely misses you.
You thump the Executioner!
The Executioner convulses.
The Executioner is heavily wounded.
You block the Executioner's attack. x3; The Executioner hits you.
You block the Executioner's attack.
The Executioner hits you but does no damage.
You flatten the Executioner like a pancake!!!
You kill the Executioner!
No target in view!
(D) Dungeon (T) Temple (L) Lair (S) Swamp (N) Spider Nest (M) Slime Pits (O) Orcish Mines (E) Elven Halls (V) Vaults (C) Crypt (U) Depths (H) Hell (Z) Zot
Where to? (Enter - D:1 @ (x,y), ? - help)
A blizzard demon comes into view.
You beat the blizzard demon like a drum!!!!
You kill the blizzard demon!
No target in view!
No target in view!
Unknown command.
You extend your mandibles.
You dig through the rock wall.
You retract your mandibles.
You extend your mandibles.
You dig through the rock wall.
You dig through the rock wall.
You dig through the rock wall.
You retract your mandibles.
A reaper comes into view. It is wielding a +0 scythe of venom.
The reaper moves out of view.
You extend your mandibles.
You dig through the rock wall.
You dig through the rock wall.
You retract your mandibles.
There is a staircase leading out of the dungeon here.
You have escaped!

#######.##.................#.##.#
# #.............................
# #.##.###................####.#
# #....# #...........{....# #...
#######.###.........######.# #..#
.................#.## #.# #..#
##............###.###### #.# #..#
##..###.#####.##...#...# #.# #...
##..# #.# #.##@#.#.#.# #.# ##.#
#..# #.# #.####.#.#####.####..
#..# #.# #.#.........##.......
#..###.#####.#.##...##.#########
#............#..#...#..# #
##.##..#####.####...####### #
#.##.....................#
#.##.#####..#.####.###.#.######
#.##.#####..#.# #.# #.........


There were no monsters in sight!

Vanquished Creatures
  3 orbs of fire (Zot:5)
  5 ancient liches
  2 juggernauts
  Boris (4 times) (Depths:3 Depths:4 Depths:5 Vaults:5)
  6 Killer Klowns (Zot:5)
  Xtahua (Vaults:5)
  A caustic shrike (Depths:2)
  13 golden dragons
  Nikola (Spider:2)
  A profane servitor (Depths:1)
  The ghost of Goanoyni the Earth Mage, an adept HuEE of Kikubaaqudgha (Vaults:3)
  3 electric golems
  A Brimstone Fiend (Zot:5)
  An Ice Fiend (Depths:1)
  26 Orb Guardians
  11 tentacled monstrosities
  The ghost of Rerid the Crack Shot, an adept CeHu of Okawaru (Spider:1)
  5 quicksilver dragons
  8 titans
  7 liches
  2 Executioners
  4 death cobs
  The ghost of cfbundy the Severer, an adept FoFi of the Shining One (Spider:2)
  Gastronok (Orc:1)
  3 thorn hunters
  12 storm dragons
  5 sphinxes
  5 draconian monks
  5 shadow dragons
  The ghost of Stone the Unseen, an adept NaGl of Cheibriados (Swamp:4)
  6 tengu reavers
  The ghost of Cirrut the Warrior, an adept GrBe of Trog (Spider:1)
  The ghost of Koapeshre the Fanfare of Bloodshed, a journeyman DDFi of Makhleb (Spider:1)
  16 fire giants
  2 deep elf sorcerers
  A draconian knight (Zot:1)
  3 orc warlords
  6 ghost moths
  11 vault wardens
  4 iron dragons
  13 frost giants
  A draconian scorcher (Zot:2)
  A balrug (D:13)
  2 draconian shifters
  2 draconian stormcallers (Zot:5)
  3 spriggan defenders (Depths:4)
  2 deep elf elementalists
  11 emperor scorpions
  4 draconian annihilators
  8 ironheart preservers
  A reaper (Depths:3)
  2 war gargoyles (Vaults:5)
  A vampire knight (Depths:3)
  17 stone giants
  27 very ugly things
  4 deep elf demonologists
  4 large abominations (Vaults:5)
  9 entropy weavers
  5 black draconians
  A dire elephant (Lair:6)
  A deep elf annihilator (Vaults:5)
  Azrael (D:12)
  6 green draconians
  The ghost of DildoBatman the Blocker, a journeyman FoWz of Kikubaaqudgha (Orc:1)
  3 minotaurs
  11 white draconians
  7 yellow draconians
  6 spark wasps
  The ghost of Feulaj the Severer, a journeyman MiBe of Trog (Lair:3)
  7 purple draconians
  Snorg (Orc:2)
  3 green deaths
  7 red draconians
  17 yaktaur captains
  2 pearl dragon zombies (Depths:1)
  3 deep elf death magi
  A crystal guardian (Vaults:4)
  A blizzard demon (D:1)
  20 ettins
  10 fire dragons
  31 vault guards
  3 deep elf high priests
  Josephine (Swamp:1)
  Harold (D:8)
  12 ice dragons
  A hydra (shapeshifter) (Vaults:2)
  6 rakshasas
  20 hydras
  9 great orbs of eyes
  Erica (Lair:1)
  4 shambling mangroves
  3 spriggan air magi (Depths:2)
  2 hell beasts
  2 ghost crabs
  3 death knights
  8 alligators
  5 centaur warriors
  2 catoblepae
  A merfolk avatar (Lair:6)
  36 two-headed ogres
  2 queen ants
  5 death yaks
  14 ogre magi
  A dancing weapon (Orc:1)
  7 tengu warriors
  2 spriggan berserkers
  8 deep troll shamans
  3 vampire magi
  A titan zombie (Vaults:4)
  4 deep troll earth magi
  2 hell hogs (Depths:1)
  3 orc high priests (Orc:2)
  The ghost of ialwaysloseit the Eclecticist, a journeyman DECj of Vehumet (D:11)
  A small abomination (Vaults:5)
  A soul eater (Depths:1)
  A fire crab (shapeshifter) (Depths:2)
  4 hell knights (Depths:3)
  11 deep elf knights
  A sun demon (Depths:2)
  10 skeletal warriors (D:15)
  A death drake (Vaults:1)
  7 iron trolls
  2 sixfirhies (Depths:2)
  2 shadow wraiths
  A death drake (shapeshifter) (Vaults:5)
  3 unseen horrors
  2 glowing orange brains
  A spriggan druid (Swamp:4)
  14 swamp dragons
  A deep troll (shapeshifter) (D:12)
  26 deep trolls
  8 wizards
  4 flayed ghosts
  A swamp dragon (shapeshifter) (Vaults:5)
  A sea snake (Lair:6)
  10 ironbrand convokers
  2 orange crystal statues
  3 phantasmal warriors
  3 obsidian statues
  A shadow dragon zombie (Vaults:4)
  3 deep elf archers
  A harpy (shapeshifter) (Vaults:2)
  7 necromancers
  13 orc knights
  2 orb spiders (shapeshifter)
  A shining eye (Depths:4)
  A faun (shapeshifter) (D:15)
  7 orc sorcerers
  43 wolf spiders
  15 orb spiders
  7 cyclopes
  53 ugly things
  10 deep elf magi
  2 salamanders (shapeshifter)
  A stone giant zombie (Vaults:5)
  A shadow dragon skeleton (Vaults:5)
  An elephant (shapeshifter) (Vaults:1)
  A moth of wrath (shapeshifter) (Depths:5)
  4 manticores
  A toenail golem (D:11)
  4 apis skeletons (Depths:1)
  21 moths of wrath
  A sphinx skeleton (Vaults:4)
  2 centaur zombies
  3 elephants (Lair:6)
  13 vault sentinels
  A water nymph (shapeshifter) (Depths:3)
  14 spiny frogs
  2 black mambas
  3 human skeletons
  A rust devil (Depths:1)
  2 smoke demons
  3 orange demons
  3 torpor snails
  A guardian serpent (shapeshifter) (Depths:3)
  3 black mambas (shapeshifter)
  A spiny frog (shapeshifter) (Vaults:3)
  A spriggan zombie (D:15)
  4 gargoyles
  3 yaktaur zombies
  A kobold demonologist (D:12)
  A rime drake (shapeshifter) (Vaults:1)
  6 rime drakes
  35 yaktaurs
  5 freezing wraiths
  13 demonic crawlers
  11 komodo dragons
  A komodo dragon (shapeshifter) (Depths:1)
  A tormentor (D:13)
  An efreet (D:15)
  6 tengu conjurers
  3 hellwings
  9 trolls
  4 red devils
  A troll (shapeshifter) (Vaults:2)
  2 ice devils
  A queen bee (shapeshifter) (Depths:5)
  37 jumping spiders
  2 yaktaur skeletons
  The ghost of Flure the Ducker, a novice SpGl of Ashenzari (D:5)
  23 hornets
  A queen bee (Swamp:1)
  8 tyrant leeches
  Grinder (D:4)
  A slime creature (shapeshifter) (Vaults:4)
  3 polar bears (Lair:6)
  34 slime creatures
  2 stone giant simulacra (Vaults:1)
  6 bog bodies
  4 dream sheep (Lair:2)
  A deep troll zombie (D:15)
  19 blink frogs
  7 hippogriffs
  81 redbacks
  9 shadows
  7 spriggans
  3 ynoxinuls
  33 tarantellas
  A tarantella (shapeshifter) (Depths:3)
  8 wraiths
  52 yaks
  A yak (shapeshifter) (Vaults:1)
  7 wyverns
  A human (shapeshifter) (Vaults:3)
  6 water elementals (Depths:2)
  A fire elemental (D:12)
  12 vampire mosquitoes
  3 basilisks
  4 hungry ghosts
  4 hogs (D:13)
  5 chaos spawn
  7 soldier ants
  17 swamp worms
  2 neqoxecs
  4 wargs
  2 spatial vortices (D:13)
  2 acid dragons
  4 insubstantial wisps (Swamp:1)
  A soldier ant (shapeshifter) (Depths:4)
  Duvessa (D:4)
  A floating eye (shapeshifter) (Vaults:5)
  2 floating eyes
  4 hell hounds (D:12)
  8 water moccasins
  14 porcupines
  14 swamp drakes
  37 orc warriors
  3 eyes of draining
  2 sky beasts
  11 ice beasts
  2 black bears
  A boggart (shapeshifter) (Vaults:5)
  2 tengu
  2 deep troll simulacra
  7 wolves (Lair:2)
  2 phantoms
  45 ogres
  5 boggarts
  10 centaurs
  11 crocodiles
  6 big kobolds
  4 earth elementals (Spider:2)
  13 bullfrogs
  A gnoll sergeant (D:7)
  Dowan (D:4)
  A wyvern skeleton (D:7)
  5 scorpions
  3 killer bees (D:12)
  8 wights
  6 electric eels
  3 howler monkeys
  A bullfrog zombie (D:6)
  9 crimson imps
  2 lava snakes (D:8)
  8 quasits
  2 human simulacra
  8 jellies
  8 hounds
  2 bullfrog skeletons
  11 orc priests
  4 iron imps
  10 iguanas
  23 orc wizards
  27 worker ants
  A killer bee zombie (D:2)
  2 centaur simulacra (D:11)
  A big kobold zombie (Ossuary)
  A bullfrog simulacrum (D:11)
  A hound zombie (Ossuary)
  4 mummies (Ossuary)
  2 hound skeletons
  A worker ant zombie (D:8)
  9 gnolls
  10 adders
  A hound simulacrum (D:11)
  3 shadow imps
  2 white imps
  An ufetubus (Depths:4)
  2 oozes (D:2)
  An adder zombie (D:9)
  6 worms
  4 dart slugs (D:1)
  2 leopard geckos (D:1)
  An orc (shapeshifter) (Vaults:5)
  101 orcs
  7 bats
  5 giant cockroaches
  8 goblins
  4 hobgoblins
  10 jackals
  28 kobolds
  7 quokkas
  A ball python zombie (D:5)
  5 frilled lizards
  A hobgoblin zombie (Ossuary)
  A jackal skeleton (D:4)
  2 jackal zombies (Ossuary)
  2 kobold zombies (Ossuary)
  A leopard gecko zombie (D:5)
  An orc zombie (Ossuary)
  A quokka skeleton (D:4)
  3 quokka zombies
  18 rats
  2 rat zombies (Ossuary)
  2 briar patches (Swamp:3)
  4 crawling corpses (Vaults:5)
2151 creatures vanquished.

Vanquished Creatures (collateral kills)
  A storm dragon (Depths:5)
  A draconian knight (Depths:5)
  An ironheart preserver (Vaults:4)
  A ghoul (Vaults:3)
  A large abomination (Vaults:4)
  A rakshasa (Depths:4)
  2 centaur warriors
  3 two-headed ogres
  A deep troll earth mage (Depths:4)
  An orc knight (Vaults:4)
  A phantasmal warrior (Vaults:4)
  An ugly thing (Depths:4)
  2 wolf spiders (Spider:1)
  2 orb spiders (Spider:1)
  A vault sentinel (Vaults:4)
  2 torpor snails (Spider:1)
  A spiny frog (Lair:2)
  A yaktaur (Vaults:3)
  5 jumping spiders (Spider:1)
  A troll (Orc:2)
  A hornet (D:9)
  A tarantella (Spider:4)
  5 redbacks (Spider:1)
  A soldier ant (D:9)
  A bullfrog (D:9)
  A crimson imp (D:8)
  A worker ant (D:9)
  A worm (D:9)
42 creatures vanquished.

Vanquished Creatures (others)
  A storm dragon (Vaults:5)
  3 stone giants
  A deep elf high priest (Vaults:5)
  4 yaktaur captains (Vaults:5)
  An ice dragon (Depths:3)
  2 centaur warriors
  3 dancing weapons
  A deep troll earth mage (Depths:5)
  An ogre mage (Depths:1)
  A hell hog (Depths:1)
  A deep elf knight (Vaults:2)
  A skeletal warrior (D:15)
  A deep troll (Depths:4)
  2 deep elf archers
  A cyclops (Vaults:2)
  A wolf spider (Spider:1)
  17 yaktaurs
  A porcupine (Lair:2)
  2 red devils (D:13)
  A hornet (Vaults:5)
  A slime creature (D:12)
  A spriggan (Depths:2)
  2 yaks
  A swamp worm (Swamp:4)
  A boggart (Vaults:2)
  6 centaurs
  An ogre (Vaults:4)
  A big kobold zombie (Ossuary)
  An adder zombie (Ossuary)
  An orc (Orc:1)
  A briar patch (Swamp:3)
  A bush (Lair:6)
  A demonic plant (Gauntlet)
  A fire vortex (D:5)
  5 fungi
  27 plants
  3 withered plants
101 creatures vanquished.

Grand Total: 2294 creatures vanquished

Notes
Turn   | Place    | Note
-------+----------+-------------------------------------------
     0 | D:1      | Yermak the Formicid Chaos Knight began the quest for the
                  | Orb.
     0 | D:1      | Reached XP level 1. HP: 18/18 MP: 1/1
   285 | D:1      | XOM: harmless Hex miscast
   313 | D:1      | Reached XP level 2. HP: 24/24 MP: 2/2
   321 | D:1      | XOM: harmless Conj miscast
   568 | D:1      | XOM: harmless Tmut miscast
   586 | D:1      | XOM: give mutation
   586 | D:1      | Gained mutation: Scrolls take you a little longer to read.
                  | [Xom's mischief]
   671 | D:1      | Reached XP level 3. HP: 29/29 MP: 3/3
   691 | D:1      | XOM: confusion (+ monsters)
   692 | D:1      | XOM: polymorph dart slug -> hobgoblin
   862 | D:1      | XOM: swap monsters
   923 | D:2      | XOM: medium Ice miscast
  1194 | D:2      | XOM: swap monsters
  1206 | D:2      | Reached XP level 4. HP: 35/35 MP: 4/4
  1229 | D:2      | XOM: severe Chrm miscast
  1287 | D:2      | XOM: mild Chrm miscast
  1335 | D:2      | Found a shadowy altar of Dithmenos.
  1696 | D:2      | Found a deep blue altar of Sif Muna.
  1836 | D:2      | Reached XP level 5. HP: 41/41 MP: 5/5
  2410 | D:3      | XOM: medium Air miscast
  2502 | D:3      | XOM is BORED!
  2502 | D:3      | XOM: give mutations
  2502 | D:3      | Gained mutation: Armour fits poorly on your strangely
                  | shaped body. [Xom's mischief]
  2502 | D:3      | Lost mutation: Scrolls take you a little longer to read.
                  | [Xom's mischief]
  2502 | D:3      | Gained mutation: You are weak. (Str -2) [Xom's mischief]
  2644 | D:3      | XOM: enchant monster (bad)
  2839 | D:3      | XOM: cloud trail
  2858 | D:3      | XOM: god gift: 4 silver javelins {god gift}
  2863 | D:3      | Found a blossoming altar of Fedhas.
  3038 | D:3      | Reached skill level 6 in Maces & Flails
  3059 | D:3      | Reached XP level 6. HP: 33/47 MP: 6/6
  3287 | D:3      | XOM: cloud trail
  3450 | D:3      | XOM: god gift: book of Necromancy {god gift}
  3454 | D:3      | Learned a level 1 spell: Animate Skeleton
  3727 | D:4      | Found a sand-covered staircase.
  3732 | Ossuary  | Entered an ossuary
  3740 | Ossuary  | XOM: summons 2 friendly demons
  3757 | Ossuary  | Reached skill level 4 in Fighting
  3797 | Ossuary  | XOM: divine lightning
  3949 | Ossuary  | XOM is BORED!
  3949 | Ossuary  | XOM: mild Tmut miscast
  4090 | D:4      | Reached XP level 7. HP: 53/55 MP: 7/7
  4264 | D:4      | Reached skill level 1 in Evocations
  4394 | D:4      | Noticed Grinder
  4410 | D:4      | Killed Grinder
  4410 | D:4      | Reached skill level 5 in Fighting
  4511 | D:4      | Reached XP level 8. HP: 64/64 MP: 8/8
  4593 | D:4      | XOM: god gift: 4 needles of paralysis {god gift}
  4605 | D:4      | Found Budutead's Antique Weapon Shop.
  4638 | D:4      | Noticed Dowan
  4660 | D:4      | XOM: give mutations
  4660 | D:4      | Gained mutation: Your flesh is cold resistant. (rC+) [Xom's
                  | grace]
  4660 | D:4      | Gained mutation: You are resistant to hostile enchantments.
                  | (MR+) [Xom's grace]
  4706 | D:4      | XOM: summons friendly crimson imp
  4812 | D:5      | Entered Level 5 of the Dungeon
  4820 | D:5      | XOM: divine lightning
  4852 | D:4      | Noticed Duvessa
  5070 | D:3      | XOM: noise
  5106 | D:4      | XOM: summons 1 hostile demon
  5111 | D:4      | XOM: swap monsters
  5216 | D:5      | Found a transporter.
  5218 | D:5      | Noticed Flure's ghost (novice SpGl)
  5245 | D:5      | Found a transporter.
  5263 | D:5      | Reached skill level 6 in Fighting
  5374 | D:5      | XOM: blink monster(s)
  5518 | D:5      | Reached skill level 1 in Slings
  5647 | D:5      | XOM: mild Fire miscast
  5831 | D:5      | XOM: cloud trail
  6043 | D:6      | Reached skill level 1 in Stealth
  6228 | D:6      | Got a slimy plate armour
  6285 | D:5      | Identified the cursed +1 plate armour "Winucuts" {*Drain
                  | rElec rF++ Regen+} (You found it on level 6 of the Dungeon)
  6303 | D:6      | XOM: god gift: thin runed staff {god gift}
  6333 | D:6      | XOM: cloud trail
  6490 | D:6      | XOM: confuse monster(s)
  6517 | D:6      | XOM: enchant monster (good)
  6609 | D:6      | XOM: cast spell 'Olgreb's Toxic Radiance'
  6610 | D:6      | Reached XP level 9. HP: 51/71 MP: 9/9
  6655 | D:6      | XOM: cast spell 'Cause Fear'
  6696 | D:6      | Reached skill level 7 in Fighting
  6722 | D:7      | XOM is BORED!
  6753 | D:7      | XOM: harmless Hex miscast
  6820 | D:7      | Found an ornate altar of the Wu Jian Council.
  6897 | D:7      | Found a glowing silver altar of Zin.
  6995 | D:7      | XOM: harmless Pois miscast
  6996 | D:7      | Found a burning altar of Makhleb.
  7026 | D:7      | XOM: scenery: 2 doors close
  7057 | D:7      | Reached skill level 9 in Maces & Flails
  7091 | D:7      | XOM: noise
  7104 | D:7      | Lost mutation: Armour fits poorly on your strangely shaped
                  | body. [potion of mutation]
  7104 | D:7      | Lost mutation: You are resistant to hostile enchantments.
                  | (MR+) [potion of mutation]
  7104 | D:7      | Lost mutation: Your flesh is cold resistant. (rC+) [potion
                  | of mutation]
  7104 | D:7      | Lost mutation: You are weak. (Str -2) [potion of mutation]
  7104 | D:7      | Gained mutation: You possess an exceptional clarity of
                  | mind. [potion of mutation]
  7104 | D:7      | Gained mutation: You evolve. [potion of mutation]
  7235 | D:7      | Found a staircase to the Ecumenical Temple.
  7243 | D:7      | Identified the Grimoire of Conjuration
  7473 | D:7      | XOM: give mutations
  7473 | D:7      | Gained mutation: You are dopey. (Int -2) [Xom's mischief]
  7473 | D:7      | Lost mutation: You evolve. [Xom's mischief]
  7473 | D:7      | Gained mutation: You are somewhat resistant to further
                  | mutation. [Xom's mischief]
  7473 | D:7      | Gained mutation: Your body sometimes deteriorates upon
                  | taking damage. [Xom's mischief]
  7489 | D:7      | XOM: god gift: scroll labeled PUEZASI FIRANN {god gift}
  7593 | D:8      | XOM: fog
  7688 | D:8      | XOM: harmless Chrm miscast
  7727 | D:8      | Noticed an orange crystal statue
  8020 | D:8      | Noticed Harold
  8056 | D:8      | Reached skill level 8 in Fighting
  8102 | D:8      | XOM: confuse monster(s)
  8224 | D:8      | Found a sacrificial altar of Ru.
  8315 | D:8      | XOM: harmless Necr miscast
  8343 | D:8      | XOM: divination: detect items
  8382 | D:8      | XOM: enchant monster (good)
  8384 | D:8      | XOM: summons 7 friendly demons
  8391 | D:8      | Reached XP level 10. HP: 58/82 MP: 10/10
  8409 | D:8      | Killed Harold
  8409 | D:8      | Reached skill level 9 in Fighting
  8445 | D:8      | XOM: summons 5 hostile demons
  8553 | D:8      | Noticed a two-headed ogre
  8673 | D:8      | XOM: god gift: wand of scattershot (4) {god gift}
  8677 | D:8      | XOM: confuse monster(s)
  8734 | D:9      | XOM: summons 10 friendly demons
  8781 | D:9      | XOM: god gift: scintillating brass ring {god gift}
  8785 | D:9      | Got a scintillating brass ring {god gift}
  8786 | D:9      | Identified the ring "Gexkiga" {god gift, *Slow rF+++ rC-
                  | MR+ Dex+6} (Xom gifted it to you on level 9 of the Dungeon)
  9085 | D:9      | XOM: scenery: create altars
  9089 | D:9      | XOM: divine lightning
  9090 | D:9      | Reached skill level 12 in Maces & Flails
  9105 | D:8      | Reached skill level 3 in Armour
  9149 | D:9      | XOM: harmless Tloc miscast
  9375 | D:9      | Found a shimmering altar of Xom.
  9386 | D:9      | XOM: medium Tloc miscast
  9417 | D:9      | Reached skill level 1 in Dodging
  9506 | D:9      | XOM: chaos cloud
  9510 | D:9      | XOM: summons friendly hellwing
  9575 | D:9      | Found a radiant altar of Vehumet.
  9773 | D:10     | Entered Level 10 of the Dungeon
  9773 | D:10     | Found a staircase to the Lair.
  9807 | D:9      | XOM: stat loss: -1 Dex (9/10)
  9818 | D:9      | Reached XP level 11. HP: 77/90 MP: 11/11
  9845 | D:10     | XOM: medium Tloc miscast
 10123 | D:10     | XOM: mild Tloc miscast
 10136 | D:10     | XOM: polymorph orc warrior -> tengu
 10206 | D:10     | Reached skill level 3 in Dodging
 10268 | D:10     | Reached skill level 10 in Fighting
 10305 | D:10     | Found a roughly hewn altar of Beogh.
 10305 | D:10     | Found a staircase to the Orcish Mines.
 10341 | D:10     | XOM: give mutation
 10341 | D:10     | Gained mutation: You are frail. (-10% HP) [Xom's mischief]
 10371 | D:10     | XOM: smoke on damage
 10420 | D:10     | Reached skill level 6 in Armour
 10426 | D:10     | XOM: summons 3 hostile shadow creatures
 10487 | D:10     | XOM: severe Tmut miscast
 10515 | D:10     | XOM: summons 4 hostile shadow creatures
 10527 | D:10     | XOM: cleaving
 10528 | D:10     | Noticed an unseen horror
 10587 | D:10     | XOM: fog
 10813 | D:10     | XOM: divine lightning
 11122 | D:10     | Noticed an oklob plant
 11126 | D:10     | XOM: enchant monster (good)
 11350 | D:11     | Noticed a manticore
 11357 | D:11     | XOM: enchant monster (good)
 11416 | D:11     | XOM: divination: detect creatures
 11417 | D:11     | XOM: fake destruction
 11423 | D:11     | Killed a manticore
 11446 | D:10     | XOM: divination: magic mapping
 11453 | D:11     | Found a flickering gateway to a bazaar.
 11484 | Bazaar   | Entered a bazaar
 11498 | Bazaar   | Found Ryhawiast's Antique Armour Emporium.
 11513 | Bazaar   | Found Duodd's Gadget Shoppe.
 11528 | Bazaar   | Found Tirih's Assorted Antiques.
 11528 | Bazaar   | Found Tifil's Armour Shoppe.
 11580 | Bazaar   | Bought a +0 pair of gloves for 67 gold pieces
 11593 | Bazaar   | XOM: divination: detect creatures
 11600 | Bazaar   | Bought a wand of iceblast (9) for 143 gold pieces
 11600 | Bazaar   | Bought a wand of iceblast (11) for 165 gold pieces
 11684 | D:11     | XOM: harmless Tmut miscast
 11775 | D:11     | Found the +3 Elemental Staff {rElec rF++ rC++ MR++ AC+5}
 11788 | D:11     | XOM: harmless Summ miscast
 11866 | D:11     | Reached skill level 1 in Shields
 11866 | D:11     | Reached skill level 3 in Evocations
 11928 | D:11     | Noticed a cyclops
 11937 | D:11     | Killed a cyclops
 12056 | D:11     | Noticed an unseen horror
 12056 | D:11     | Noticed a two-headed ogre
 12060 | D:11     | Found a runed translucent gate.
 12092 | D:11     | Killed a two-headed ogre
 12092 | D:11     | Reached skill level 3 in Shields
 12119 | D:11     | Reached XP level 12. HP: 87/87 MP: 15/15
 12139 | D:11     | Noticed ialwaysloseit's ghost (journeyman DECj)
 12195 | D:11     | Noticed a four-headed hydra
 12197 | D:11     | XOM: divination: magic mapping
 12201 | D:11     | Killed an unseen horror
 12201 | D:11     | XOM: silly message
 12232 | D:10     | Killed a four-headed hydra
 12263 | D:11     | Reached skill level 6 in Shields
 12274 | D:11     | XOM: harmless Tloc miscast
 12276 | D:11     | XOM: enchant monster (good)
 12280 | D:11     | XOM: scenery: create altars
 12742 | D:4      | Killed Duvessa
 12743 | D:4      | Killed Dowan
 12747 | D:4      | You fall through a shaft!
 12782 | D:5      | XOM: polymorph ogre -> wyvern
 12783 | D:5      | Killed Flure's ghost
 12924 | D:11     | Found a runed translucent gate.
 12924 | D:11     | Found a runed translucent gate.
 13015 | D:11     | Killed ialwaysloseit's ghost
 13015 | D:11     | Reached skill level 9 in Shields
 13045 | D:11     | Got the ring of Day {Fire}
 13047 | D:11     | Identified the ring of Day {Fire rN+ Int+4} (You found it
                  | on level 11 of the Dungeon)
 13109 | Lair:1   | XOM: noise
 13109 | Lair:1   | Entered Level 1 of the Lair of Beasts
 13227 | Lair:1   | Noticed an eight-headed hydra
 13242 | Lair:1   | XOM: scenery: create altars
 13246 | Lair:1   | XOM: cast spell 'Metabolic Englaciation'
 13274 | Lair:1   | XOM: god gift: scroll of blinking {god gift}
 13277 | Lair:1   | Killed an eight-headed hydra
 13297 | Lair:1   | Noticed Erica
 13300 | Lair:1   | XOM: divination: detect items
 13308 | Lair:1   | Killed Erica
 13310 | Lair:1   | XOM: polymorph blink frog -> rime drake
 13518 | Lair:1   | XOM: polymorph blink frog -> wyvern
 13712 | Lair:1   | XOM: smoke on damage
 13720 | Lair:1   | XOM: confuse monster(s)
 13874 | Lair:2   | XOM: enchant monster (good)
 13887 | Lair:2   | Reached XP level 13. HP: 45/92 MP: 16/16
 14182 | Lair:2   | XOM: harmless Tloc miscast
 14227 | Lair:2   | XOM: polymorph yak -> eye of draining
 14252 | Lair:2   | Reached skill level 15 in Maces & Flails
 14286 | Lair:2   | XOM: summons 3 friendly demons
 14298 | Lair:2   | XOM: god gift: 6 poisoned tomahawks {god gift}
 14481 | Lair:2   | XOM: enchant monster (good)
 14805 | Lair:3   | Found a hole to the Spider Nest.
 15039 | Lair:3   | Noticed Feulaj's ghost (journeyman MiBe)
 15040 | Lair:3   | Noticed a minotaur
 15051 | Lair:3   | You fall through a shaft!
 15280 | Lair:3   | Found a staircase to the Swamp.
 15481 | Lair:3   | Reached skill level 6 in Dodging
 15586 | Lair:3   | Found a runed translucent gate.
 15586 | Lair:3   | Found a runed translucent gate.
 15586 | Lair:3   | Found a runed translucent gate.
 15598 | Lair:3   | XOM is BORED!
 15598 | Lair:3   | XOM: give mutations
 15598 | Lair:3   | Lost mutation: You are frail. (-10% HP) [Xom's mischief]
 15598 | Lair:3   | Gained mutation: You are frail. (-10% HP) [Xom's mischief]
 15739 | Lair:4   | XOM: enchant monster (bad)
 16007 | Lair:5   | XOM: divination: magic mapping
 16208 | Lair:5   | XOM: harmless Pois miscast
 16238 | Lair:5   | Reached skill level 9 in Dodging
 16263 | Lair:5   | XOM: give mutations
 16263 | Lair:5   | Gained mutation: You have an increased reservoir of magic.
                  | (+10% MP) [Xom's grace]
 16263 | Lair:5   | Gained mutation: Your system is resistant to poisons.
                  | (rPois) [Xom's grace]
 16263 | Lair:5   | Lost mutation: You are frail. (-10% HP) [Xom's grace]
 16286 | Lair:5   | XOM: enchant monster (good)
 16352 | Lair:5   | Noticed a catoblepas
 16364 | Lair:5   | Killed a catoblepas
 16393 | Lair:5   | Noticed an eight-headed hydra
 16411 | Lair:5   | Killed an eight-headed hydra
 16411 | Lair:5   | Reached XP level 14. HP: 86/110 MP: 18/18
 16530 | Lair:6   | Entered Level 6 of the Lair of Beasts
 16546 | Lair:6   | XOM: polymorph rime drake -> wyvern
 16623 | Lair:6   | XOM: harmless Erth miscast
 16630 | Lair:6   | XOM: noise
 16638 | Lair:6   | XOM: blink monster(s)
 16719 | Lair:6   | XOM: enchant monster (good)
 16781 | Lair:6   | Noticed a dire elephant
 16792 | Lair:6   | XOM: potion effect (invisibility)
 16805 | Lair:6   | XOM: cast spell 'Summon Butterflies'
 16807 | Lair:6   | Killed a dire elephant
 16807 | Lair:6   | Reached skill level 12 in Dodging
 17115 | Lair:6   | Found a viscous altar of Jiyva.
 17116 | Lair:6   | Found a staircase to the Slime Pits.
 17125 | Lair:6   | XOM: cast spell 'Statue Form'
 17169 | Lair:6   | XOM: divine lightning
 17179 | Lair:6   | XOM: fake destruction
 17203 | Lair:6   | Reached skill level 11 in Fighting
 17209 | Lair:6   | Reached skill level 12 in Fighting
 17449 | Lair:6   | XOM: give mutations
 17449 | Lair:6   | Gained mutation: You are resistant to hostile enchantments.
                  | (MR+) [Xom's mischief]
 17449 | Lair:6   | Gained mutation: Scrolls take you a little longer to read.
                  | [Xom's mischief]
 17449 | Lair:6   | Lost mutation: Your body sometimes deteriorates upon taking
                  | damage. [Xom's mischief]
 17449 | Lair:6   | Gained mutation: Armour fits poorly on your strangely
                  | shaped body. [Xom's mischief]
 17606 | Lair:3   | XOM: harmless Summ miscast
 17945 | D:12     | Found a gate leading to a gauntlet.
 17965 | D:12     | Reached skill level 13 in Fighting
 17981 | Gauntlet | Entered a Gauntlet
 17981 | Gauntlet | Found a transporter.
 17981 | Gauntlet | Found a transporter.
 17985 | Gauntlet | Found a transporter.
 17986 | Gauntlet | Found a transporter.
 17992 | Gauntlet | Found a transporter.
 18007 | Gauntlet | Found a transporter.
 18008 | Gauntlet | Found a transporter.
 18021 | Gauntlet | Found a transporter.
 18021 | Gauntlet | Found a transporter.
 18053 | Gauntlet | Found a transporter.
 18090 | Gauntlet | XOM: scenery: create altars
 18106 | Gauntlet | Found a transporter.
 18122 | Gauntlet | Found a transporter.
 18133 | Gauntlet | Found a transporter.
 18202 | Gauntlet | Found a transporter.
 18217 | Gauntlet | Found a transporter.
 18236 | Gauntlet | Found a transporter.
 18336 | Gauntlet | XOM: mild Fire miscast
 18419 | Gauntlet | XOM: enchant monster (good)
 18481 | Gauntlet | XOM: cleaving
 18512 | Gauntlet | Got a pair of pitted boots
 18523 | Gauntlet | Identified the cursed +0 pair of boots of Firrodof {+Fly
                  | rF+ rN+ Stlth+} (You found it in a Gauntlet)
 18544 | Gauntlet | Noticed a minotaur
 18561 | Gauntlet | Killed a minotaur
 18561 | Gauntlet | Reached XP level 15. HP: 124/124 MP: 19/19
 18634 | Gauntlet | Got an ancient quick blade
 18635 | Gauntlet | Identified the +7 quick blade of Quantum Leap {elec, SInv}
                  | (You found it in a Gauntlet)
 18641 | Gauntlet | XOM: noise
 18662 | D:12     | XOM: divination: magic mapping
 18846 | D:12     | Noticed Azrael
 18864 | D:12     | XOM: harmless Necr miscast
 18869 | D:12     | Killed Azrael
 19078 | D:12     | Found a runed translucent door.
 19081 | D:12     | Found a runed translucent door.
 19081 | D:12     | Found a runed translucent door.
 19357 | D:12     | XOM: summons friendly shadow imp
 19386 | D:12     | Noticed Sonja
 19388 | D:12     | Noticed Sonja
 19388 | D:12     | Sonja changed into Sonja the naga
 19397 | D:12     | Noticed Sonja
 19397 | D:12     | Sonja the naga changed into Sonja the soldier ant
 19404 | D:12     | Killed Sonja the soldier ant
 19435 | D:12     | Got a sapphire great sword
 19436 | D:12     | Identified the +10 great sword "Qofokour" {protect, Dex+4}
                  | (You found it on level 12 of the Dungeon)
 19439 | D:12     | Got an encrusted fustibalus
 19440 | D:12     | Identified the +8 fustibalus of a sewer {speed, +Fly rElec
                  | rPois MR-} (You found it on level 12 of the Dungeon)
 19444 | D:12     | Got a faintly glowing halberd
 19446 | D:12     | Identified the +9 halberd "Loroxirats" {vamp, +Inv} (You
                  | found it on level 12 of the Dungeon)
 19493 | D:12     | XOM: enchant monster (bad)
 19533 | D:12     | XOM: swap monsters
 19680 | D:13     | Noticed Kirke
 19696 | D:13     | Reached skill level 12 in Shields
 19699 | D:13     | XOM: fog
 19759 | D:13     | XOM: swap monsters
 19798 | D:13     | Kirke changed into Kirke the shapeshifter
 19798 | D:13     | XOM: polymorph Kirke -> Kirke the shapeshifter
 19856 | D:13     | Noticed Rupert
 19864 | D:13     | Noticed Rupert
 19864 | D:13     | Rupert changed into Rupert the shadow dragon
 19864 | D:13     | XOM: polymorph Rupert -> Rupert the shadow dragon
 19867 | D:13     | You fall through a shaft for 2 floors!
 19867 | D:15     | Entered Level 15 of the Dungeon
 20015 | D:15     | XOM: swap monsters
 20168 | D:13     | XOM: medium Air miscast
 20214 | D:15     | XOM: enchant monster (bad)
 20218 | D:15     | XOM: blink monster(s)
 20324 | D:15     | XOM: fog
 20325 | D:15     | XOM: mild Hex miscast
 20330 | D:15     | XOM: scenery: create altars
 20386 | D:15     | XOM: cast spell 'Metabolic Englaciation'
 20425 | D:15     | XOM: fog
 20427 | D:15     | XOM: cast spell 'Olgreb's Toxic Radiance'
 20481 | D:15     | XOM: enchant monster (good)
 20602 | D:15     | Found a staircase to the Depths.
 20636 | D:15     | XOM: divine lightning
 20699 | D:15     | XOM: give mutations
 20699 | D:15     | Gained mutation: You are agile. (Dex +2) [Xom's grace]
 20699 | D:15     | Gained mutation: Your flesh is cold resistant. (rC+) [Xom's
                  | grace]
 20699 | D:15     | Gained mutation: You are highly resistant to hostile
                  | enchantments. (MR++) [Xom's grace]
 20699 | D:15     | Gained mutation: You expend magic power (3 MP) to
                  | strengthen your wands. [Xom's grace]
 20743 | D:15     | XOM: give mutations
 20743 | D:15     | Gained mutation: Your muscles are strong. (Str +2) [Xom's
                  | grace]
 20743 | D:15     | Gained mutation: Your flesh is very cold resistant. (rC++)
                  | [Xom's grace]
 20743 | D:15     | Gained mutation: You are surrounded by a mild repulsion
                  | field. (EV +2) [Xom's grace]
 20743 | D:15     | Gained mutation: Your muscles are very strong. (Str +4)
                  | [Xom's grace]
 20815 | D:15     | XOM: god gift: 17 sling bullets {god gift}
 20869 | D:15     | XOM: cloud trail
 20898 | D:15     | Reached XP level 16. HP: 131/131 MP: 20/20
 21055 | D:15     | Reached skill level 15 in Shields
 21113 | D:15     | XOM: scenery: create altars
 21117 | D:15     | XOM: cleaving
 21311 | D:14     | XOM: divination: magic mapping
 21334 | D:14     | XOM: divination: magic mapping
 21598 | D:14     | XOM: cloud trail
 21704 | D:14     | XOM: noise
 21707 | D:14     | XOM: noise
 21763 | D:14     | Found a gate to the Vaults.
 21812 | D:14     | XOM: noise
 21831 | D:14     | Reached skill level 9 in Armour
 21979 | D:14     | XOM: harmless Chrm miscast
 22502 | D:13     | XOM: potion effect (brilliance)
 22601 | D:13     | XOM: harmless Chrm miscast
 22710 | Orc:1    | Entered Level 1 of the Orcish Mines
 22747 | Orc:1    | Found Firioff's Weapon Shoppe.
 22826 | Orc:2    | Entered Level 2 of the Orcish Mines
 22843 | Orc:2    | Found Yfalop's General Store.
 22867 | Orc:2    | XOM: enchant monster (good)
 22872 | Orc:2    | XOM: confuse monster(s)
 22948 | Orc:1    | Noticed Gastronok
 22953 | Orc:1    | XOM: mild Pois miscast
 22972 | Orc:1    | XOM: god gift: scorched flail {god gift}
 22984 | Orc:1    | Killed Gastronok
 22989 | Orc:1    | Identified the +1 flail of Inflation {god gift, crush, rF+}
                  | (Xom gifted it to you on level 1 of the Orcish Mines)
 23002 | Orc:1    | Found Corust's Magic Scroll Boutique.
 23011 | Orc:1    | Bought a scroll of magic mapping for 42 gold pieces
 23129 | Orc:2    | XOM: fog
 23142 | Orc:2    | XOM: divination: detect items
 23150 | Orc:2    | XOM: cleaving
 23184 | Orc:2    | XOM: scenery: create altars
 23245 | Orc:2    | Found Tadumelu's Antique Weapon Shoppe.
 23335 | Orc:2    | XOM: god gift: scroll of fog {god gift}
 23459 | Orc:2    | XOM: god gift: glowing hunting sling {god gift}
 23624 | Orc:2    | Noticed Snorg
 23635 | Orc:2    | XOM: cast spell 'Death Channel'
 23646 | Orc:2    | Killed Snorg
 23663 | Orc:2    | Found a staircase to the Elven Halls.
 23672 | Orc:1    | Found Rihops's Weapon Shop.
 23752 | Orc:1    | XOM: polymorph orc warrior -> tengu
 23790 | Orc:1    | Found a runed translucent door.
 23791 | Orc:1    | Found a shimmering altar of Xom.
 23791 | Orc:1    | Noticed DildoBatman's ghost (journeyman FoWz)
 23793 | Orc:1    | XOM: give mutation
 23793 | Orc:1    | Lost mutation: Your system is resistant to poisons. (rPois)
                  | [Xom's mischief]
 23828 | Orc:1    | Reached skill level 14 in Fighting
 23830 | Orc:1    | XOM: harmless Tloc miscast
 23910 | Orc:1    | XOM: stat loss: -1 Dex (17/18)
 23922 | Orc:1    | XOM: swap monsters
 23938 | Orc:1    | XOM: mild Necr miscast
 23940 | Orc:1    | XOM: divination: detect items
 23950 | Orc:1    | Killed DildoBatman's ghost
 24089 | Orc:1    | Found Zostaopu's Assorted Antiques.
 24107 | Orc:1    | Bought a pair of glowing gloves for 157 gold pieces
 24259 | Orc:1    | Bought a wand of paralysis (11) for 42 gold pieces
 24325 | Orc:2    | XOM: cloud trail
 24333 | Orc:2    | Found Hestruplu's Magic Scroll Shoppe.
 24342 | Orc:2    | Found Lottat's Antique Armour Emporium.
 24346 | Orc:2    | XOM: cast spell 'Ring of Flames'
 24504 | Orc:2    | XOM: divination: detect creatures
 24697 | Orc:2    | XOM: mild Conj miscast
 24699 | Orc:2    | Found Kautt's Jewellery Shop.
 24781 | Orc:2    | Bought a pair of glowing gloves for 172 gold pieces
 24782 | Orc:2    | XOM: cloud trail
 24792 | Orc:2    | Bought a bloodstained scale mail for 207 gold pieces
 24794 | Orc:2    | Identified the +6 scale mail "Tuaqof" {+Inv rN+ Dex-2} (You
                  | bought it in a shop on level 2 of the Orcish Mines)
 24819 | Orc:2    | XOM: give mutation
 24819 | Orc:2    | Lost mutation: Armour fits poorly on your strangely shaped
                  | body. [Xom's mischief]
 24981 | Spider:1 | Entered Level 1 of the Spider Nest
 24981 | Spider:1 | XOM: cast spell 'Death Channel'
 24988 | Spider:1 | XOM: cast spell 'Discord'
 25041 | Spider:1 | Reached XP level 17. HP: 138/138 MP: 22/22
 25219 | Spider:1 | XOM: scenery: create altars
 25232 | Spider:1 | XOM: enchant monster (good)
 25365 | Spider:1 | Found a runed translucent gate.
 25365 | Spider:1 | Found a runed translucent gate.
 25365 | Spider:1 | Found a runed translucent gate.
 25365 | Spider:1 | Noticed Koapeshre's ghost (journeyman DDFi)
 25365 | Spider:1 | Noticed Rerid's ghost (adept CeHu)
 25366 | Spider:1 | Noticed Cirrut's ghost (adept GrBe)
 25414 | Spider:1 | XOM: divination: detect items
 25418 | Spider:1 | XOM: summons 6 friendly demons
 25421 | Spider:1 | XOM: enchant monster (good)
 25743 | Spider:1 | XOM: god gift: scroll labeled MACZIUL SEKHIV {god gift}
 25831 | Spider:1 | XOM: summons 2 hostile demons
 26014 | Spider:1 | XOM: divine lightning
 26021 | Spider:1 | XOM: enchant monster (good)
 26024 | Spider:1 | XOM: cast spell 'Summon Small Mammal'
 26031 | Spider:1 | XOM: medium Hex miscast
 26041 | Spider:1 | XOM: noise
 26043 | Spider:1 | Killed Rerid's ghost
 26046 | Spider:1 | XOM: noise
 26052 | Spider:1 | Killed Cirrut's ghost
 26056 | Spider:1 | Killed Koapeshre's ghost
 26154 | Spider:2 | XOM: give mutations
 26154 | Spider:2 | Gained mutation: You have a considerably increased
                  | reservoir of magic. (+20% MP) [Xom's grace]
 26154 | Spider:2 | Lost mutation: You are somewhat resistant to further
                  | mutation. [Xom's grace]
 26154 | Spider:2 | Gained mutation: You evolve. [Xom's grace]
 26154 | Spider:2 | Lost mutation: You evolve. [Xom's grace]
 26154 | Spider:2 | Gained mutation: You are somewhat resistant to further
                  | mutation. [Xom's grace]
 26154 | Spider:2 | Gained mutation: You have very sharp teeth. [Xom's grace]
 26412 | Spider:2 | XOM: summons 16 friendly demons
 26428 | Spider:2 | Noticed cfbundy's ghost (adept FoFi)
 26441 | Spider:2 | Found a transporter.
 26459 | Spider:2 | Reached skill level 18 in Maces & Flails
 26462 | Spider:2 | XOM: summons 6 friendly demons
 26476 | Spider:2 | Found a transporter.
 26492 | Spider:2 | XOM: polymorph jumping spider -> spiny frog
 26528 | Spider:2 | XOM: summons 6 friendly demons
 26528 | Spider:2 | Noticed Nikola
 26545 | Spider:2 | XOM: fog
 26574 | Spider:2 | XOM: divination: detect creatures
 26718 | Spider:1 | XOM: potion effect (might)
 26792 | Spider:1 | XOM: harmless Ice miscast
 26917 | Spider:2 | XOM: potion effect (curing)
 26920 | Spider:2 | Killed Nikola
 26932 | Spider:2 | XOM: potion effect (experience)
 26932 | Spider:2 | Reached XP level 18. HP: 106/146 MP: 25/25
 27302 | Spider:3 | Reached XP level 19. HP: 140/152 MP: 26/26
 27314 | Spider:3 | Learned a level 1 spell: Apportation
 27395 | Spider:3 | XOM: enchant monster (good)
 27396 | Spider:3 | XOM: harmless Air miscast
 27413 | Spider:3 | XOM: confuse monster(s)
 27480 | Spider:3 | XOM: confuse monster(s)
 27703 | Spider:3 | XOM: summons friendly quasit
 27787 | Spider:3 | XOM: harmless Pois miscast
 27887 | Spider:4 | Entered Level 4 of the Spider Nest
 27960 | Spider:4 | XOM: scenery: create altars
 28005 | Spider:4 | XOM: enchant monster (good)
 28164 | Spider:4 | XOM: divination: detect creatures
 28167 | Spider:4 | XOM: summons 2 friendly demons
 28169 | Spider:4 | XOM: mild Erth miscast
 28186 | Spider:4 | XOM: polymorph wolf spider -> spark wasp
 28190 | Spider:4 | XOM: divination: detect creatures
 28191 | Spider:4 | XOM: swap monsters
 28199 | Spider:4 | XOM: confuse monster(s)
 28204 | Spider:4 | Reached skill level 15 in Fighting
 28212 | Spider:4 | Reached skill level 12 in Armour
 28215 | Spider:4 | XOM: scenery: create altars
 28225 | Spider:4 | XOM: cast spell 'Monstrous Menagerie'
 28435 | Spider:4 | XOM: cast spell 'Disjunction'
 28460 | Spider:4 | XOM: fake destruction
 28754 | Spider:4 | Got a gossamer rune of Zot
 28896 | Spider:2 | XOM: scenery: create altars
 28917 | Spider:2 | Killed cfbundy's ghost
 28945 | Spider:2 | Got a warped amber ring
 28950 | Spider:2 | Identified the ring "Pepneasch" {rN+ MR+ Dex+4} (You found
                  | it on level 2 of the Spider Nest)
 29015 | Lair:3   | XOM: scenery: create altars
 29019 | Lair:3   | Killed Feulaj's ghost
 29022 | Lair:3   | Reached XP level 20. HP: 160/162 MP: 20/27
 29090 | Swamp:1  | XOM: noise
 29090 | Swamp:1  | Entered Level 1 of the Swamp
 29129 | Swamp:1  | XOM: divination: detect items
 29132 | Swamp:1  | XOM: polymorph spiny frog -> queen bee
 29220 | Swamp:1  | XOM: scenery: create altars
 29286 | Swamp:1  | XOM: divination: detect creatures
 29293 | Swamp:1  | Noticed Josephine
 29294 | Swamp:1  | XOM: potion effect (brilliance)
 29311 | Swamp:1  | Killed Josephine
 29339 | Swamp:1  | You fall through a shaft!
 29358 | Swamp:2  | XOM: confuse monster(s)
 29370 | Swamp:2  | XOM: enchant monster (bad)
 29478 | Swamp:2  | XOM: mild Chrm miscast
 29483 | Swamp:2  | Reached skill level 15 in Armour
 29686 | Swamp:1  | XOM: scenery: create altars
 29810 | Swamp:1  | XOM: noise
 29953 | Swamp:1  | XOM: torment (91/162 hp)
 30078 | Swamp:1  | XOM: harmless Air miscast
 30192 | Swamp:1  | XOM: summons 4 hostile demons
 30201 | Swamp:2  | XOM: medium Tloc miscast
 30278 | Swamp:2  | XOM: torment (91/162 hp)
 30306 | Swamp:2  | XOM: severe Fire miscast
 30464 | Swamp:2  | XOM: severe Chrm miscast
 30473 | Swamp:2  | XOM: chaos cloud
 30751 | Swamp:3  | XOM: harmless Tmut miscast
 31010 | Swamp:3  | XOM: harmless Ice miscast
 31250 | Swamp:3  | XOM: silly message
 31338 | Swamp:3  | XOM: summons 7 hostile demons
 31366 | Swamp:4  | Entered Level 4 of the Swamp
 31381 | Swamp:4  | XOM: silly message
 31537 | Swamp:4  | XOM: polymorph swamp worm -> fire dragon
 31542 | Swamp:4  | XOM: mild Ice miscast
 31544 | Swamp:4  | XOM: blink monster(s)
 31793 | Swamp:4  | Found a runed translucent door.
 31793 | Swamp:4  | Noticed Stone's ghost (adept NaGl)
 31804 | Swamp:4  | XOM: confuse monster(s)
 31808 | Swamp:4  | Killed Stone's ghost
 31841 | Swamp:4  | XOM: give mutations
 31841 | Swamp:4  | Lost mutation: You expend magic power (3 MP) to strengthen
                  | your wands. [Xom's mischief]
 31841 | Swamp:4  | Lost mutation: You have very sharp teeth. [Xom's mischief]
 31955 | Swamp:4  | Reached skill level 16 in Fighting
 32119 | Swamp:4  | XOM: noise
 32339 | Swamp:4  | Got a decaying rune of Zot
 32678 | Lair:3   | XOM: give mutations
 32678 | Lair:3   | Lost mutation: You are dopey. (Int -2) [Xom's mischief]
 32678 | Lair:3   | Lost mutation: You possess an exceptional clarity of mind.
                  | [Xom's mischief]
 32858 | Vaults:1 | Entered Level 1 of the Vaults
 32909 | Vaults:1 | XOM: draining
 32925 | Vaults:1 | Reached XP level 21. HP: 173/173 MP: 29/29
 33011 | Vaults:1 | XOM: polymorph vault sentinel -> death drake
 33040 | Vaults:1 | XOM: give mutations
 33040 | Vaults:1 | Lost mutation: You are somewhat resistant to further
                  | mutation. [Xom's mischief]
 33040 | Vaults:1 | Gained mutation: You are dopey. (Int -2) [Xom's mischief]
 33130 | Vaults:1 | XOM: mild Erth miscast
 33531 | Vaults:1 | XOM: polymorph centaur warrior -> slime creature
 33556 | Vaults:1 | Identified a scroll of acquirement
 33562 | Vaults:1 | Identified the +2 pair of boots of Loclizy {Int+7} (You
                  | acquired it on level 1 of the Vaults)
 33589 | Vaults:1 | XOM: enchant monster (bad)
 33592 | Vaults:1 | Reached skill level 17 in Fighting
 33601 | Vaults:1 | XOM: blink monster(s)
 33711 | Vaults:1 | XOM: confusion (+ monsters)
 33803 | Vaults:1 | XOM: swap monsters
 33813 | Vaults:1 | XOM: confuse monster(s)
 33815 | Vaults:1 | XOM: summons friendly shadow imp
 33817 | Vaults:1 | Reached skill level 6 in Evocations
 33915 | Vaults:1 | XOM: noise
 33953 | Vaults:1 | XOM: give mutation
 33953 | Vaults:1 | Lost mutation: Scrolls take you a little longer to read.
                  | [Xom's mischief]
 34012 | Vaults:1 | XOM: scenery: 4 doors close
 34035 | Vaults:1 | Found a portal to a secret trove of treasure.
 34059 | Vaults:1 | XOM: give mutations
 34059 | Vaults:1 | Gained mutation: You have large cloven feet. [Xom's grace]
 34059 | Vaults:1 | Gained mutation: You are partially covered in iridescent
                  | scales. (AC +2) [Xom's grace]
 34059 | Vaults:1 | Gained mutation: You have hoof-like feet. [Xom's grace]
 34059 | Vaults:1 | Gained mutation: You passively map a small area around you.
                  | [Xom's grace]
 34111 | Vaults:1 | XOM: give mutations
 34111 | Vaults:1 | Gained mutation: You have hooves in place of feet. [Xom's
                  | grace]
 34111 | Vaults:1 | Gained mutation: You are surrounded by a moderate repulsion
                  | field. (EV +3) [Xom's grace]
 34197 | Vaults:1 | XOM: cleaving
 34198 | Vaults:1 | XOM: divination: magic mapping
 34275 | Vaults:2 | XOM: harmless Pois miscast
 34294 | Vaults:2 | XOM: enchant monster (bad)
 34372 | Vaults:2 | Reached skill level 18 in Fighting
 34424 | Vaults:2 | You fall through a shaft!
 34424 | Vaults:3 | Found Esmifa's Magic Scroll Boutique.
 34455 | Vaults:3 | XOM: scenery: 1 doors open, 1 doors close
 34528 | Vaults:3 | Found Udopou's Antique Armour Boutique.
 34569 | Vaults:3 | XOM: mild Chrm miscast
 34793 | Vaults:2 | XOM: torment (89/176 hp)
 34916 | Vaults:2 | XOM: polymorph vault warden -> stone giant
 34918 | Vaults:2 | XOM: scenery: 1 doors close
 35008 | Vaults:2 | XOM: blink monster(s)
 35010 | Vaults:2 | Reached skill level 19 in Fighting
 35014 | Vaults:2 | XOM: harmless Air miscast
 35029 | Vaults:2 | XOM: noise
 35039 | Vaults:2 | You fall through a shaft for 2 floors!
 35069 | Vaults:4 | XOM: summons 2 friendly demons
 35137 | Vaults:4 | XOM: divination: detect creatures
 35142 | Vaults:4 | Reached XP level 22. HP: 170/186 MP: 32/32
 35146 | Vaults:4 | XOM: noise
 35153 | Vaults:4 | XOM: medium Pois miscast
 35247 | Vaults:4 | XOM: potion effect (agility)
 35257 | Vaults:4 | Reached skill level 20 in Fighting
 35267 | Vaults:4 | XOM: silly message
 35313 | Vaults:4 | XOM: blink monster(s)
 35574 | Vaults:4 | XOM: summons friendly shadow imp
 35659 | Vaults:4 | XOM: confuse monster(s)
 35661 | Vaults:4 | Reached skill level 1 in Throwing
 35743 | Vaults:4 | XOM: fog
 35794 | Vaults:4 | XOM: scenery: 1 doors open, 1 doors close
 35874 | Vaults:4 | Found Qearaogh's Antique Armour Emporium.
 36185 | Vaults:4 | XOM: god gift: ration {god gift}
 36228 | Vaults:3 | XOM: summons friendly iron imp
 36242 | Vaults:3 | Reached skill level 3 in Throwing
 36242 | Vaults:3 | Reached skill level 9 in Evocations
 36244 | Vaults:3 | Found Liduof's Antique Weapon Shoppe.
 36297 | Vaults:3 | XOM: cast spell 'Summon Ice Beast'
 36306 | Vaults:3 | XOM: harmless Chrm miscast
 36420 | Vaults:3 | XOM: cast spell 'Ring of Flames'
 36477 | Vaults:3 | XOM: divination: magic mapping
 36483 | Vaults:3 | XOM: harmless Necr miscast
 36541 | Vaults:3 | XOM: potion effect (heal wounds)
 36573 | Vaults:2 | Found a runed translucent gate.
 36573 | Vaults:2 | Found a runed translucent gate.
 36574 | Vaults:2 | Found a runed translucent gate.
 36582 | Vaults:2 | Noticed Goanoyni's ghost (adept HuEE)
 36616 | Vaults:2 | XOM: swap monsters
 36672 | Vaults:2 | XOM: give mutations
 36672 | Vaults:2 | Lost mutation: You passively map a small area around you.
                  | [Xom's mischief]
 36672 | Vaults:2 | Lost mutation: You have hooves in place of feet. [Xom's
                  | mischief]
 36672 | Vaults:2 | Lost mutation: You are agile. (Dex +2) [Xom's mischief]
 36848 | Vaults:2 | XOM: confuse monster(s)
 36921 | Vaults:2 | XOM: mild Conj miscast
 36959 | Vaults:2 | XOM: confuse monster(s)
 36962 | Vaults:2 | Reached skill level 6 in Throwing
 37120 | Vaults:2 | XOM: medium Air miscast
 37124 | Vaults:2 | XOM: chaos upgrade
 37349 | Vaults:2 | XOM: give mutations
 37349 | Vaults:2 | Lost mutation: You are dopey. (Int -2) [Xom's mischief]
 37349 | Vaults:2 | Lost mutation: Your muscles are very strong. (Str +4)
                  | [Xom's mischief]
 37482 | Vaults:3 | Found Wievet's Gadget Shoppe.
 37532 | Vaults:3 | Found Itavel's General Store.
 37613 | Vaults:3 | XOM: scenery: 1 doors open, 3 doors close
 37629 | Vaults:3 | XOM: scenery: 2 doors close
 37735 | Vaults:3 | XOM: cleaving
 37847 | Vaults:3 | Found a staircase to the Crypt.
 37953 | Vaults:3 | Reached XP level 23. HP: 197/197 MP: 36/36
 38010 | Vaults:3 | XOM: give mutations
 38010 | Vaults:3 | Gained mutation: You possess an exceptional clarity of
                  | mind. [Xom's grace]
 38010 | Vaults:3 | Gained mutation: You are extremely resistant to the effects
                  | of hostile enchantments. (MR+++) [Xom's grace]
 38010 | Vaults:3 | Gained mutation: Your muscles are very strong. (Str +4)
                  | [Xom's grace]
 38040 | Vaults:3 | XOM: god gift: wand of random effects (15) {god gift}
 38241 | Vaults:2 | You fall through a shaft!
 38290 | Vaults:2 | XOM: enchant monster (good)
 38372 | Vaults:3 | XOM: god gift: 36 gold pieces {god gift}
 38474 | Vaults:3 | You fall through a shaft!
 38534 | Vaults:3 | XOM: scenery: 2 doors close
 38596 | Vaults:2 | XOM: enchant monster (good)
 38604 | Vaults:2 | Reached skill level 9 in Throwing
 38605 | Vaults:2 | XOM: summons friendly red devil
 38626 | Vaults:2 | XOM: mild Pois miscast
 38675 | Vaults:2 | Got a pair of faintly humming gloves
 38676 | Vaults:2 | Identified the +2 pair of gloves of the Circus Animal {rN+
                  | rCorr Dex+2} (You found it on level 2 of the Vaults)
 38696 | Vaults:2 | XOM: give mutations
 38696 | Vaults:2 | Gained mutation: You are robust. (+10% HP) [Xom's grace]
 38696 | Vaults:2 | Gained mutation: You are very robust. (+20% HP) [Xom's
                  | grace]
 38696 | Vaults:2 | Gained mutation: Your mind is acute. (Int +2) [Xom's grace]
 38904 | Depths:1 | Entered Level 1 of the Depths
 38933 | Depths:1 | XOM: summons friendly quasit
 38998 | Depths:1 | XOM: destruction
 39044 | Depths:1 | Found a flickering gateway to a bazaar.
 39049 | Bazaar   | Entered a bazaar
 39065 | Bazaar   | Found Xeistri's Book Shoppe.
 39089 | Bazaar   | Found Wech's General Store.
 39115 | Bazaar   | Found Wubbomez's Assorted Antiques.
 39133 | Bazaar   | Found Weum's Distillery.
 39208 | Bazaar   | Bought a scroll of identify for 48 gold pieces
 39208 | Bazaar   | Bought a scroll of enchant weapon for 180 gold pieces
 39208 | Bazaar   | Bought a potion of agility for 96 gold pieces
 39226 | Bazaar   | Bought a potion of curing for 54 gold pieces
 39226 | Bazaar   | Bought a potion of curing for 54 gold pieces
 39226 | Bazaar   | Bought a potion of agility for 72 gold pieces
 39226 | Bazaar   | Bought 2 potions of curing for 108 gold pieces
 39226 | Bazaar   | Bought a potion of agility for 72 gold pieces
 39226 | Bazaar   | Bought a potion of curing for 54 gold pieces
 39235 | Bazaar   | Bought a scroll of silence for 75 gold pieces
 39235 | Bazaar   | Bought a scroll of vulnerability for 75 gold pieces
 39263 | Bazaar   | Bought a manual of Dodging for 883 gold pieces
 39310 | Bazaar   | XOM: give mutations
 39310 | Bazaar   | Gained mutation: Your mind is very acute. (Int +4) [Xom's
                  | grace]
 39310 | Bazaar   | Gained mutation: You evolve. [Xom's grace]
 39310 | Bazaar   | Gained mutation: You are agile. (Dex +2) [Xom's grace]
 39310 | Bazaar   | Gained mutation: You are extremely robust. (+30% HP) [Xom's
                  | grace]
 39415 | Depths:1 | XOM: smoke on damage
 39449 | Depths:1 | XOM: cast spell 'Summon Hydra'
 39522 | Depths:1 | XOM: destruction
 39525 | Depths:1 | XOM: divination: magic mapping
 39532 | Depths:1 | XOM: enchant monster (good)
 39536 | Depths:1 | XOM: cast spell 'Shadow Creatures'
 39614 | Depths:1 | Found a gateway to Hell.
 39890 | Depths:1 | Found a one-way gate leading to the halls of Pandemonium.
 39989 | Depths:1 | XOM: god gift: knobbly moonstone ring {god gift}
 40049 | Depths:1 | Found a basalt altar of Yredelemnul.
 40057 | Depths:1 | Noticed a profane servitor
 40078 | Depths:1 | XOM: summons 9 friendly demons
 40082 | Depths:1 | XOM: enchant monster (good)
 40090 | Depths:1 | Killed a profane servitor
 40090 | Depths:1 | Reached skill level 15 in Dodging
 40100 | Depths:1 | XOM: enchant monster (good)
 40184 | Depths:2 | XOM: noise
 40223 | Depths:2 | XOM: harmless Pois miscast
 40224 | Depths:2 | XOM: cast spell 'Call Canine Familiar'
 40233 | Depths:2 | XOM: divination: magic mapping
 40261 | Depths:2 | XOM: fake destruction
 40272 | Depths:2 | XOM: smoke on damage
 40290 | Depths:2 | Noticed a caustic shrike
 40302 | Depths:2 | Killed a caustic shrike
 40304 | Depths:2 | XOM: noise
 40566 | Depths:2 | Got a faintly glowing ring mail
 40567 | Depths:2 | Identified the +1 ring mail of Waypnep {Int+4} (You found
                  | it on level 2 of the Depths)
 40611 | Depths:2 | XOM: cleaving
 40638 | Depths:2 | XOM: chaos upgrade
 40639 | Depths:2 | Reached XP level 24. HP: 245/265 MP: 36/36
 40715 | Depths:2 | XOM: torment (147/265 hp)
 40719 | Depths:2 | XOM: medium Tloc miscast
 40966 | Depths:2 | XOM: polymorph brown very ugly thing -> purple very ugly
                  | thing
 41070 | Depths:2 | Found a gateway to a ziggurat.
 41070 | Depths:2 | Noticed an ancient lich
 41086 | Depths:2 | Killed an ancient lich
 41310 | Depths:2 | XOM: polymorph green very ugly thing -> cyan very ugly
                  | thing
 41317 | Depths:2 | Reached skill level 12 in Throwing
 41317 | Depths:2 | XOM: enchant monster (bad)
 41322 | Depths:2 | XOM: harmless Summ miscast
 41325 | Depths:2 | XOM: enchant monster (bad)
 41334 | Depths:2 | XOM: enchant monster (good)
 41368 | Depths:2 | Lost mutation: You have hoof-like feet. [evolution]
 41491 | Depths:2 | XOM: give mutations
 41491 | Depths:2 | Lost mutation: You evolve. [Xom's mischief]
 41491 | Depths:2 | Lost mutation: You are agile. (Dex +2) [Xom's mischief]
 41659 | Depths:2 | XOM: summons 2 friendly demons
 41769 | Depths:2 | XOM: harmless Tmut miscast
 41903 | Depths:3 | Found a snail-covered altar of Cheibriados.
 41905 | Depths:3 | XOM: summons 6 friendly demons
 42034 | Depths:3 | Found Bosene Noyd's Armour Boutique.
 42040 | Depths:3 | Noticed Boris
 42045 | Depths:3 | Killed Boris
 42386 | Depths:3 | Found an iron altar of Okawaru.
 42413 | Depths:3 | Got an ivory hand axe
 42520 | Depths:3 | XOM: swap monsters
 42707 | Depths:3 | XOM: god gift: 17 stones {god gift}
 42962 | Depths:3 | XOM: draining
 42996 | Depths:3 | XOM: mild Ice miscast
 42997 | Depths:3 | Reached skill level 15 in Throwing
 43014 | Depths:3 | XOM: swap monsters
 43052 | Depths:3 | Identified the Incunabulum of the Mutagenic Traveller
 43080 | Depths:3 | XOM: divination: detect creatures
 43083 | Depths:3 | Reached XP level 25. HP: 247/274 MP: 36/36
 43245 | Depths:4 | Found a shattered altar of Ashenzari.
 43265 | Depths:4 | XOM: enchant monster (good)
 43285 | Depths:4 | XOM: summons friendly chaos spawn
 43324 | Depths:4 | XOM: god gift: 9 stones {god gift}
 43454 | Depths:4 | XOM: scenery: create altars
 43538 | Depths:4 | XOM: divination: detect creatures
 43682 | Depths:4 | XOM: cast spell 'Alistair's Intoxication'
 43690 | Depths:4 | XOM: polymorph ogre mage -> shining eye
 43743 | Depths:4 | Noticed Boris
 43745 | Depths:4 | XOM: destruction
 43760 | Depths:4 | Killed Boris
 43760 | Depths:4 | Reached skill level 21 in Fighting
 43815 | Depths:4 | XOM: noise
 43874 | Depths:4 | XOM: medium Necr miscast
 43895 | Depths:4 | Found a one-way gate to the infinite horrors of the Abyss.
 43941 | Depths:4 | XOM: potion effect (heal wounds)
 43942 | Depths:4 | XOM: scenery: create altars
 43950 | Depths:4 | XOM: summons 4 friendly demons
 44076 | Depths:4 | Noticed a juggernaut
 44085 | Depths:4 | You fall through a shaft!
 44085 | Depths:5 | Entered Level 5 of the Depths
 44106 | Depths:5 | Noticed Boris
 44125 | Depths:5 | Killed Boris
 44179 | Depths:5 | XOM: destruction
 44180 | Depths:5 | XOM: confuse monster(s)
 44206 | Depths:5 | Noticed a juggernaut
 44207 | Depths:5 | XOM: cast spell 'Statue Form'
 44215 | Depths:5 | Killed a juggernaut
 44215 | Depths:5 | Reached skill level 22 in Fighting
 44320 | Depths:5 | XOM: summons friendly soul eater
 44382 | Depths:5 | Found a gate to the Realm of Zot.
 44412 | Depths:5 | Got a bloodstained buckler
 44457 | Depths:5 | XOM: give mutations
 44457 | Depths:5 | Gained mutation: You expend magic power (3 MP) to
                  | strengthen your wands. [Xom's grace]
 44457 | Depths:5 | Gained mutation: Your flesh is heat resistant. (rF+) [Xom's
                  | grace]
 44457 | Depths:5 | Gained mutation: You have a greatly increased reservoir of
                  | magic. (+30% MP) [Xom's grace]
 44457 | Depths:5 | Gained mutation: You are agile. (Dex +2) [Xom's grace]
 44520 | Depths:5 | Reached XP level 26. HP: 293/293 MP: 39/39
 44581 | Depths:5 | XOM: polymorph great orb of eyes -> queen ant
 44596 | Depths:5 | XOM: blink monster(s)
 44613 | Depths:5 | XOM: confuse monster(s)
 44764 | Depths:5 | Reached skill level 23 in Fighting
 44765 | Depths:5 | XOM: summons friendly crimson imp
 44768 | Depths:5 | XOM: divination: detect creatures
 44770 | Depths:5 | XOM: scenery: 1 doors close
 44974 | Depths:5 | XOM: polymorph purple very ugly thing -> brown very ugly
                  | thing
 45442 | Depths:4 | Identified the +4 hunting sling of Vashewovaz {speed, rPois
                  | rC+}
 45461 | Depths:4 | Killed a juggernaut
 45465 | Depths:4 | XOM: fake destruction
 45497 | Depths:4 | Got a polished quarterstaff
 45935 | Vaults:3 | Killed Goanoyni's ghost
 45935 | Vaults:3 | Reached skill level 24 in Fighting
 46000 | Vaults:5 | Entered Level 5 of the Vaults
 46002 | Vaults:5 | XOM: confuse monster(s)
 46016 | Vaults:5 | XOM: confuse monster(s)
 46021 | Vaults:5 | XOM: fake destruction
 46046 | Vaults:5 | XOM: scenery: 1 doors open
 46082 | Vaults:5 | XOM: summons friendly crimson imp
 46083 | Vaults:5 | XOM: cast spell 'Discord'
 46140 | Vaults:4 | XOM: give mutations
 46140 | Vaults:4 | Gained mutation: You are somewhat resistant to further
                  | mutation. [Xom's grace]
 46140 | Vaults:4 | Gained mutation: You are very agile. (Dex +4) [Xom's grace]
 46140 | Vaults:4 | Gained mutation: Your flesh is almost immune to the effects
                  | of cold. (rC+++) [Xom's grace]
 46140 | Vaults:4 | Lost mutation: You are somewhat resistant to further
                  | mutation. [Xom's grace]
 46140 | Vaults:4 | Gained mutation: You evolve. [Xom's grace]
 46181 | Vaults:5 | XOM: enchant monster (good)
 46187 | Vaults:5 | XOM: scenery: 1 doors close
 46262 | Vaults:4 | XOM: divination: magic mapping
 46303 | Vaults:5 | XOM: summons friendly orange demon
 46306 | Vaults:5 | XOM: give mutation
 46306 | Vaults:5 | Lost mutation: You evolve. [Xom's grace]
 46306 | Vaults:5 | Gained mutation: You are somewhat resistant to further
                  | mutation. [Xom's grace]
 46308 | Vaults:5 | XOM: summons 13 friendly demons
 46320 | Vaults:5 | XOM: potion effect (might)
 46328 | Vaults:4 | Reached skill level 25 in Fighting
 46365 | Vaults:4 | XOM: god gift: 2 javelins of penetration {god gift}
 46418 | Vaults:4 | XOM: give mutations
 46418 | Vaults:4 | Lost mutation: Your muscles are very strong. (Str +4)
                  | [Xom's mischief]
 46418 | Vaults:4 | Lost mutation: You are very agile. (Dex +4) [Xom's
                  | mischief]
 46532 | Vaults:4 | XOM: divination: detect items
 46571 | Vaults:5 | XOM: potion effect (agility)
 46574 | Vaults:5 | XOM: potion effect (might)
 46584 | Vaults:4 | XOM: potion effect (might)
 46593 | Vaults:4 | Reached XP level 27. HP: 213/314 MP: 39/39
 46642 | Vaults:5 | XOM: silly message
 46643 | Vaults:5 | XOM: divination: magic mapping
 46645 | Vaults:4 | XOM: potion effect (brilliance)
 46653 | Vaults:4 | XOM: divination: detect items
 46958 | Vaults:5 | Noticed Boris
 46966 | Vaults:5 | XOM: harmless Summ miscast
 46973 | Vaults:5 | XOM: summons 6 friendly demons
 46978 | Vaults:5 | XOM: polymorph quasit -> crimson imp
 46982 | Vaults:5 | Killed Boris
 46989 | Vaults:5 | XOM: summons 9 friendly demons
 47275 | Vaults:5 | Identified the ring "Usuxome" {rC++ Int+4 Dex+3 Slay+3}
 47333 | Vaults:5 | Reached skill level 26 in Fighting
 47358 | Vaults:5 | Noticed Xtahua
 47370 | Vaults:5 | XOM: scenery: create altars
 47379 | Vaults:5 | XOM: confuse monster(s)
 47382 | Vaults:5 | XOM: fake destruction
 47386 | Vaults:5 | Killed Xtahua
 47387 | Vaults:5 | XOM: enchant monster (bad)
 47389 | Vaults:5 | XOM: blink monster(s)
 47391 | Vaults:5 | Identified the +10 battleaxe of Pozovan {elec, Int+4}
 47391 | Vaults:5 | Identified the ring "Eteaq" {rF++ rN+}
 47404 | Vaults:5 | XOM: swap monsters
 47417 | Vaults:5 | XOM: noise
 47450 | Vaults:5 | XOM: swap monsters
 48045 | Vaults:5 | Got a silver rune of Zot
 48120 | Vaults:5 | XOM: stat loss: -1 Str (29/30)
 48329 | Vaults:5 | XOM: summons 4 hostile demons
 48446 | Vaults:5 | Identified the Papyrus of the Lost Shrikes
 48942 | D:13     | XOM: medium Tloc miscast
 48970 | D:13     | Killed Rupert the shadow dragon
 49141 | Orc:1    | XOM: harmless Fire miscast
 49145 | Orc:1    | Bought a scroll of enchant armour for 90 gold pieces
 49145 | Orc:1    | Bought a scroll of fog for 24 gold pieces
 49145 | Orc:1    | Bought a scroll of fog for 24 gold pieces
 49145 | Orc:1    | Bought a scroll of vulnerability for 90 gold pieces
 49145 | Orc:1    | Bought a scroll of identify for 24 gold pieces
 49145 | Orc:1    | Bought a scroll of immolation for 42 gold pieces
 49145 | Orc:1    | Bought a scroll of immolation for 42 gold pieces
 49196 | Orc:2    | Bought a scroll of identify for 26 gold pieces
 49196 | Orc:2    | Bought a potion of flight for 39 gold pieces
 49207 | Orc:2    | Bought a scroll of fog for 28 gold pieces
 49207 | Orc:2    | Bought a scroll of identify for 28 gold pieces
 49207 | Orc:2    | Bought a scroll of identify for 28 gold pieces
 49207 | Orc:2    | Bought a scroll of enchant weapon for 105 gold pieces
 49207 | Orc:2    | Bought a scroll of identify for 28 gold pieces
 49229 | Orc:2    | XOM: summons 12 hostile demons
 49284 | Orc:1    | Bought a scroll of fog for 42 gold pieces
 49284 | Orc:1    | Bought a potion of resistance for 210 gold pieces
 49284 | Orc:1    | Bought a potion of heal wounds for 105 gold pieces
 49284 | Orc:1    | Bought a scroll of fear for 73 gold pieces
 49308 | Orc:2    | Bought the ring "Heingo" {+Fly rElec} for 409 gold pieces
 49579 | Vaults:3 | Bought a scroll of identify for 38 gold pieces
 49579 | Vaults:3 | Bought a scroll of magic mapping for 66 gold pieces
 49579 | Vaults:3 | Bought a scroll of identify for 38 gold pieces
 49579 | Vaults:3 | Bought a scroll of identify for 38 gold pieces
 49579 | Vaults:3 | Bought a scroll of identify for 38 gold pieces
 49646 | Vaults:3 | Bought a wand of paralysis (7) for 117 gold pieces
 49646 | Vaults:3 | Bought a wand of enslavement (11) for 169 gold pieces
 49646 | Vaults:3 | Bought a wand of iceblast (10) for 182 gold pieces
 49646 | Vaults:3 | Bought a wand of enslavement (10) for 156 gold pieces
 49846 | Depths:3 | XOM: give mutation
 49846 | Depths:3 | Lost mutation: You are extremely robust. (+30% HP) [Xom's
                  | mischief]
 49926 | Depths:5 | XOM: noise
 49928 | Zot:1    | Entered Level 1 of the Realm of Zot
 50003 | Zot:1    | XOM: summons 9 hostile demons
 50143 | Zot:1    | XOM: summons 4 hostile shadow creatures
 50205 | Zot:1    | Reached skill level 27 in Fighting
 50265 | Zot:1    | XOM: give mutation
 50265 | Zot:1    | Lost mutation: You have large cloven feet. [Xom's mischief]
 50459 | Zot:1    | XOM: noise
 50639 | Zot:2    | XOM: noise
 50643 | Zot:2    | XOM: repel stairs
 50646 | Zot:2    | XOM: mild Hex miscast
 51035 | Zot:2    | XOM: enchant monster (good)
 51038 | Zot:2    | XOM: fake destruction
 51049 | Zot:2    | XOM: silly message
 51065 | Zot:2    | XOM: blink monster(s)
 51109 | Zot:2    | Reached skill level 18 in Dodging
 51355 | Zot:4    | XOM: polymorph storm dragon -> emperor scorpion
 51365 | Zot:4    | XOM: fake destruction
 51371 | Zot:4    | XOM: polymorph storm dragon -> minotaur
 51397 | Zot:4    | Found Okher's Changing Room.
 51407 | Zot:4    | Bought a potion of mutation for 112 gold pieces
 51465 | Zot:5    | Entered Level 5 of the Realm of Zot
 51478 | Zot:5    | XOM: fake destruction
 51486 | Zot:5    | Got a shimmering plate armour
 51487 | Zot:5    | Identified the +1 plate armour "Iffurod" {rF+} (You found
                  | it on level 5 of the Realm of Zot)
 51495 | Zot:5    | XOM: summons 2 hostile shadow creatures
 51496 | Zot:5    | Noticed an orb of fire
 51513 | Zot:5    | XOM: divination: detect creatures
 51714 | Zot:4    | XOM: medium Chrm miscast
 51768 | Zot:5    | XOM: fog
 51873 | Zot:5    | XOM: fog
 51901 | Zot:5    | XOM: enchant monster (good)
 51906 | Zot:5    | XOM: enchant monster (bad)
 52214 | Zot:4    | XOM: severe Tmut miscast
 52285 | Zot:4    | XOM: potion effect (agility)
 52291 | Zot:4    | XOM: divination: detect items
 52292 | Zot:4    | XOM: scenery: create altars
 52380 | Zot:5    | XOM: medium Air miscast
 52389 | Zot:5    | Noticed an ancient lich
 52390 | Zot:5    | Noticed an ancient lich
 52391 | Zot:5    | XOM: fog
 52409 | Zot:5    | Killed an ancient lich
 52416 | Zot:5    | XOM: smoke on damage
 52417 | Zot:5    | Noticed a Killer Klown
 52421 | Zot:5    | Killed an ancient lich
 52428 | Zot:5    | XOM: summons friendly shadow imp
 52434 | Zot:5    | XOM: scenery: create altars
 52435 | Zot:5    | XOM: summons 8 friendly demons
 52437 | Zot:5    | XOM: enchant monster (good)
 52440 | Zot:5    | Reached skill level 21 in Maces & Flails
 52459 | Zot:5    | Killed a Killer Klown
 52513 | Zot:5    | Reached skill level 18 in Armour
 52644 | Zot:5    | XOM: repel stairs
 52649 | Zot:5    | XOM: summons friendly shadow imp
 52747 | Zot:5    | XOM: polymorph shadow imp -> white imp
 52748 | Zot:5    | XOM: scenery: create altars
 52750 | Zot:5    | XOM: summons friendly quasit
 52751 | Zot:5    | XOM: polymorph white imp -> crimson imp
 52779 | Zot:5    | Noticed an orb of fire
 52805 | Zot:5    | Killed an orb of fire
 53052 | Zot:5    | Noticed an ancient lich
 53062 | Zot:5    | Killed an ancient lich
 53139 | Zot:5    | XOM: scenery: create altars
 53173 | Zot:5    | XOM: scenery: create altars
 53339 | Zot:5    | Noticed a Killer Klown
 53355 | Zot:5    | Killed a Killer Klown
 53419 | Zot:5    | XOM: polymorph Orb Guardian -> Orb Guardian
 53486 | Zot:5    | Reached skill level 12 in Evocations
 53530 | Zot:5    | XOM: scenery: create altars
 53587 | Zot:5    | Noticed an orb of fire
 53588 | Zot:5    | XOM: divination: magic mapping
 53600 | Zot:5    | XOM: cast spell 'Summon Hydra'
 53605 | Zot:5    | Killed an orb of fire
 53676 | Zot:5    | XOM: destruction
 53706 | Zot:5    | XOM: cloud trail
 53737 | Zot:5    | Noticed a Killer Klown
 53742 | Zot:5    | XOM: enchant monster (bad)
 53749 | Zot:5    | Killed a Killer Klown
 53839 | Zot:5    | Noticed a Killer Klown
 53866 | Zot:5    | Killed a Killer Klown
 53907 | Zot:5    | Noticed an ancient lich
 53916 | Zot:5    | Killed an ancient lich
 53940 | Zot:5    | Noticed an orb of fire
 53955 | Zot:5    | XOM: torment (178/298 hp)
 53959 | Zot:5    | Gained mutation: Scrolls take you a little longer to read.
                  | [an orb of fire]
 53961 | Zot:5    | XOM: divination: magic mapping
 53970 | Zot:5    | Killed an orb of fire
 54103 | Zot:5    | XOM: harmless Ice miscast
 54200 | Zot:5    | XOM: potion effect (curing)
 54257 | Zot:5    | Noticed a Killer Klown
 54261 | Zot:5    | Noticed a Killer Klown
 54265 | Zot:5    | Killed a Killer Klown
 54266 | Zot:5    | XOM: confuse monster(s)
 54270 | Zot:5    | Killed a Killer Klown
 54360 | Zot:5    | Got the Orb of Zot
 54690 | D:13     | Noticed Raipaxit the pandemonium lord
 54690 | D:13     | XOM: noise
 54710 | D:11     | Noticed Maehi the pandemonium lord
 54710 | D:11     | Noticed an ancient lich
 54867 | D:4      | Noticed Desisitt the pandemonium lord
 54867 | D:4      | Noticed an ancient lich
 54959 | D:$      | Escaped with the Orb!

Skill      XL: |  1  2  3  4  5  6  7  8  9 10 11 12 13 14 15 16 17 18 19 20 21 22 23 24 25 26 27 |
---------------+----------------------------------------------------------------------------------+-----
Maces & Flails | 4 5 6 7 8 10 12 13 14 16 19 20 22 | 22.0
Fighting       | 4 5 6 8 9 10 13 14 15 16 19 20 22 25 27 | 27.0
Evocations     | 1 4 7 10 12 | 12.0
Slings         | 2 |  2.1
Stealth        | 2 |  2.3
Armour         | 4 6 11 14 16 19 | 19.6
Dodging        | 2 4 10 12 13 17 19 | 19.7
Shields        | 3 9 14 15 | 15.0
Throwing       | 8 10 15 | 15.9

Action                   |  1- 3 |  4- 6 |  7- 9 | 10-12 | 13-15 | 16-18 | 19-21 | 22-24 | 25-27 || total
-------------------------+-------+-------+-------+-------+-------+-------+-------+-------+-------++-------
Melee: Mace              |    82 |    89 |       |       |       |       |       |       |       ||   171
       Whip              |       |    93 |   209 |       |       |       |       |       |       ||   302
       Morningstar       |       |       |   129 |   670 |  1219 |   312 |       |       |       ||  2330
       Unarmed           |       |       |       |    16 |       |       |       |       |       ||    16
       Staff             |       |       |       |     2 |    34 |       |       |       |       ||    36
       Great mace        |       |       |       |       |       |   847 |  1253 |  1358 |  1862 ||  5320
       Bite              |       |       |       |       |       |    41 |   142 |       |       ||   183
       Kick              |       |       |       |       |       |       |   120 |   169 |     2 ||   291
 Fire: Hunting sling     |       |    64 |    98 |    84 |    10 |       |       |       |       ||   256
       Longbow           |       |       |       |    34 |       |       |       |       |       ||    34
       Blowgun           |       |       |       |       |     6 |     7 |       |       |       ||    13
Throw: Javelin           |     1 |     1 |       |       |     1 |       |       |    45 |   229 ||   277
       Stone             |       |     5 |       |       |       |       |       |       |       ||     5
       Tomahawk          |       |       |       |    10 |    16 |       |       |       |       ||    26
       Throwing net      |       |       |       |       |       |       |       |       |     2 ||     2
 Abil: Dig               |     2 |    16 |    41 |    61 |    56 |    66 |    23 |     5 |    25 ||   295
       Shaft Self        |       |       |       |     1 |     1 |       |       |     2 |     1 ||     5
Evoke: Wand              |       |       |     7 |     7 |    34 |    13 |    13 |     3 |     9 ||    86
       Phantom mirror    |       |       |       |       |       |     1 |       |       |       ||     1
       Lamp of fire      |       |       |       |       |       |       |       |       |     3 ||     3
       Box of beasts     |       |       |       |       |       |       |       |       |     2 ||     2
       Phial of floods   |       |       |       |       |       |       |       |       |     2 ||     2
  Use: Scroll            |       |     9 |     5 |     8 |    13 |    13 |    11 |    12 |    22 ||    93
       Potion            |       |       |     1 |     5 |     1 |       |     4 |     1 |     1 ||    13
 Stab: Petrified         |     1 |       |       |       |     5 |     9 |       |     3 |     5 ||    23
       Petrifying        |     1 |       |       |       |       |       |     2 |       |       ||     3
       Confused          |     1 |       |       |     2 |     2 |       |    12 |     5 |    13 ||    35
       Invisible         |       |       |       |       |     2 |     1 |    15 |       |       ||    18
       Distracted        |       |       |       |       |     1 |     2 |     1 |     3 |     4 ||    11
       Paralysed         |       |       |       |       |       |     1 |       |       |       ||     1
       Held in net/web   |       |       |       |       |       |       |     4 |       |       ||     4
       Betrayed ally     |       |       |       |       |       |       |       |     1 |       ||     1
  Eat: Chunk             |     1 |     9 |    13 |    32 |    28 |    26 |    11 |     8 |     8 ||   136
       Ration            |       |       |     2 |     1 |     3 |     1 |     6 |     6 |    10 ||    29
Armor: Leather armour    |     5 |    19 |    24 |       |       |       |       |       |       ||    48
       Chain mail        |    30 |    45 |       |       |       |       |       |       |       ||    75
       Plate armour      |       |       |   124 |   298 |   121 |    73 |   204 |   142 |    56 ||  1018
       Skin              |       |       |       |     2 |    12 |       |       |       |       ||    14
       Scale mail        |       |       |       |       |       |    46 |       |       |       ||    46
       Gold dragon scale |       |       |       |       |       |       |       |       |   359 ||   359
Dodge: Dodged            |    23 |    71 |    90 |   235 |   223 |   372 |   486 |   450 |   738 ||  2688
       Deflected         |       |       |     5 |     8 |     3 |     6 |    22 |    28 |    43 ||   115
Block: Other             |       |       |    39 |    94 |       |       |       |       |       ||   133
       Reflection        |       |       |     4 |     3 |    20 |    27 |   103 |   107 |    72 ||   336
       Shield            |       |       |       |   157 |   305 |       |       |       |       ||   462
       Large shield      |       |       |       |       |   381 |  1201 |  1438 |  1355 |  1819 ||  6194
